 Dungeon Crawl Stone Soup version 0.18-a0-816-g97f838e (webtiles) character file.

1741670 ThermosAquaticus the Slayer (level 27, 170/170 HPs)
             Began as a Gargoyle Chaos Knight on Dec 12, 2015.
             Escaped with the Orb
             ... and 3 runes on Dec 15, 2015!
             The game lasted 06:41:25 (70849 turns).

ThermosAquaticus the Slayer (GrCK)                 Turns: 70849, Time: 06:41:25

Health: 170/170    AC: 67    Str: 21    XL:     27
Magic:  34/34      EV: 30    Int: 15    God:    Xom [..*...]
Gold:   7197       SH: 16    Dex: 16    Spells: 9 memorised, 22 levels left

rFire  + + +     SeeInvis .     F - +8 eveningstar (drain)
rCold  + + +     Rnd*Rage +     d - +8 pearl dragon armour
rNeg   + + .     SustAt   .     e - +2 shield {rC+}
rPois  ∞         Gourm    .     T - +2 hat
rElec  +         Spirit   .     J - +2 cloak {+Inv}
rCorr  .         Dismiss  .     b - +2 pair of gloves {Dex+3}
rMut   .         Stasis   .     N - +2 pair of boots
MR     +++..                    M - amulet of regeneration
Stlth  ..........               x - ring of Shaolin {EV+8}
                                o - ring of Boecvoce {*Drain +Fly rElec rF+++}

@: flying, very slightly contaminated, repel missiles, extremely resistant to
hostile enchantments, extremely unstealthy
A: big wings, beak, iridescent scales 1, rugged brown scales 1, berserk 1,
blink, cold resistance 2, deterioration 1, frail 1, low mp 1, magic resistance
1, negative energy resistance 1, sense surroundings 1, regeneration 1,
electricity resistance, weak 1, wild magic 1, unbreathing, petrification
resistance, no device heal 1, rot immunity, sturdy frame 2, AC +20
a: Stop Flying, Blink, Renounce Religion, Evoke Invisibility
0: Orb of Zot
}: 3/15 runes: decaying, serpentine, silver


You escaped.
You worshipped Xom.
You were a toy of Xom.
You were not hungry.

You visited 9 branches of the dungeon, and saw 53 of its levels.
You visited the Abyss 2 times.
You also visited: Labyrinth, Ice Cave and Volcano.

You collected 10006 gold pieces.
You spent 2809 gold pieces at shops.

Inventory:

Hand Weapons
 y - a +3 sacred scourge of holy wrath
 F - a +8 eveningstar of draining (weapon)
Armour
 b - a +2 pair of gloves of dexterity (worn)
 d - a +8 pearl dragon armour (worn)
 e - a +2 shield of cold resistance (worn)
 C - a +1 buckler of fire resistance
 J - a +2 cloak of invisibility (worn)
 N - a +2 pair of boots (worn)
 T - a +2 hat (worn)
 V - a +2 helmet
Rods
 a - a +1 iron rod (12/12)
   (You found it on level 2 of the Dungeon)
 v - a +6 rod of shadows (11/11)
   (You took it off a deep elf death mage on level 3 of the Elven Halls)
Jewellery
 j - an uncursed ring of protection from magic
 o - the ring of Boecvoce (left hand) {*Drain +Fly rElec rF+++}
   (You found it on level 5 of the Realm of Zot)

   [ring of flight]

   It renders you almost immune to fire.
   It insulates you from electricity.
   It lets you fly.
   It causes draining when unequipped.
 s - an uncursed ring of positive energy
 u - the cursed ring of Xidwu {Int+4 SInv}
   (You found it on level 5 of the Vaults)

   [ring of see invisible]

   It affects your intelligence (+4).
   It lets you see invisible.
   It has a curse placed upon it.
 x - the ring of Shaolin (right hand) {EV+8}
   (You bought it in a shop on level 4 of the Orcish Mines)

   [ring of evasion]

   It affects your evasion (+8).
 z - an uncursed ring of protection from cold
 L - an uncursed ring of sustain attributes
 M - an amulet of regeneration (around neck)
 W - an uncursed ring of protection from magic
 Y - an uncursed ring of protection from fire
Wands
 m - a wand of disintegration (14)
 n - a wand of cold (7)
 B - a wand of teleportation (2)
 H - a wand of fire (4)
 K - a wand of fireball (2)
 P - a wand of digging (6)
Scrolls
 g - 9 scrolls of blinking
 i - 9 scrolls of recharging
 l - 25 scrolls of remove curse
 t - 4 scrolls of teleportation
 w - 7 scrolls of fear
 D - 12 scrolls of fog
 G - 7 scrolls of magic mapping
 U - 23 scrolls of identify
Potions
 h - 11 potions of brilliance
 k - 4 potions of haste
 p - 5 potions of might
 q - 2 potions of magic
 r - 2 potions of curing
 A - 4 potions of agility
 I - 2 potions of heal wounds
 O - 8 potions of berserk rage
 Q - 4 potions of invisibility
 S - 7 potions of cancellation
 X - 7 potions of resistance
Miscellaneous
 Z - a phial of floods
Comestibles
 c - 33 bread rations
 f - 34 fruits


   Skills:
 - Level 21.4 Fighting
 - Level 16.0 Maces & Flails
 - Level 21.3 Armour
 + Level 17.9 Dodging
 - Level 15.0 Shields
 - Level 11.0 Spellcasting
 - Level 14.7 Conjurations
 - Level 3.3 Hexes
 - Level 14.0 Charms
 - Level 4.0 Necromancy
 - Level 4.0 Translocations
 - Level 15.2 Ice Magic
 - Level 13.6 Air Magic
 - Level 8.1 Evocations


You had 22 spell levels left.
You knew the following spells:

 Your Spells              Type           Power        Failure   Level  Hunger
a - Regeneration          Chrm/Necr      ######....   3%          3    None
b - Spectral Weapon       Hex/Chrm       ######..     4%          3    None
c - Repel Missiles        Chrm/Air       ######       1%          2    None
d - Blink                 Tloc           N/A          9%          2    None
e - Haste                 Chrm           ######..     16%         6    ######.
f - Swiftness             Chrm/Air       ######..     1%          2    None
g - Summon Butterflies    Summ           ##......     26%         1    None
h - Freezing Cloud        Conj/Ice/Air   ######....   13%         6    ######.
i - Apportation           Tloc           ####......   7%          1    None


Dungeon Overview and Level Annotations

Branches:
Dungeon (15/15)            Temple (0/1) D:7            Lair (8/8) D:8
  Swamp (4/4) Lair:4        Snake (4/4) Lair:5        Slime (0/6) Lair:6
    Orc (4/4) D:11            Elf (3/3) Orc:3        Vaults (5/5) D:14
  Crypt (0/3) Vaults:3     Depths (5/5) D:15            Zot (5/5) Depths:5

Altars:
Cheibriados
Dithmenos
Elyvilon
Kikubaaqudgha
Qazlal
Ru
Sif Muna
Xom
Zin
Beogh
Jiyva

Shops:
D:7 *   D:11 *:!   D:12 }   Orc:1 **!?*   Orc:4 [*(=   Elf:1 *   Elf:3 *
Snake:3 :   Vaults:1 ?   Vaults:4 (   Vaults:5 }

Portals:
Hell: Depths:1 Depths:2 Depths:3 Depths:4 Depths:5
Abyss: Depths:1 Depths:3 Depths:4 Depths:5
Pandemonium: Depths:1 Depths:3
Ziggurat: Depths:2

Annotations:
Lair:2 exclusion: oklob plant


Innate Abilities, Weirdness & Mutations

You are resistant to torment.
Your stone body is resilient (AC +20).
You are immune to poison.
Your large and strong wings let you fly indefinitely.
You resist negative energy.
You are resistant to electric shocks.
You can survive without breathing.
You are immune to petrification.
You are immune to rotting.
You have a beak for a mouth.
You are partially covered in iridescent scales (AC +4).
You are partially covered in rugged brown scales (AC +1, +3% HP).
You tend to lose your temper in combat.
You can translocate small distances at will.
Your flesh is very cold resistant.
Your body sometimes deteriorates upon taking damage.
You are frail (-10% HP).
Your magical capacity is low (-10% MP).
You are resistant to hostile enchantments.
You passively map a small area around you.
Your natural rate of healing is unusually fast.
You are weak. (Str -2)
Your spells are a little harder to cast, but a little more powerful.
Potions and wands are less effective at restoring your health.
Your movements are less encumbered by armour (ER -4).


Message History

You block the Orb Guardian's attack.
You puncture the Orb Guardian! You peck the Orb Guardian.
The Orb Guardian is moderately wounded.
You block the Orb Guardian's attack.
You hit the Orb Guardian. You drain the Orb Guardian!
Your peck misses the Orb Guardian.
The Orb Guardian is heavily wounded.
The Orb Guardian misses you.
You impale the Orb Guardian!!
You peck the Orb Guardian, but do no damage.
The Orb Guardian is almost dead.
The Orb Guardian hits you but does no damage.
You hit the Orb Guardian. You drain the Orb Guardian!
You peck the Orb Guardian.
The Orb Guardian is almost dead.
The Orb Guardian completely misses you.
You beat the Orb Guardian like a drum!!!
You kill the Orb Guardian!
There is a staircase leading out of the dungeon here.
You have escaped!

..........................##.....
..............#.......#....#.....
>....)........#............+.....
..............#............#.....
..............#................#.
......##########...#...........#.
......#### #.#.####.###......
.........# ###### #...#......
.........# ####8@8#####...'......
####.....# #.........##...####...
.........# #.........##...'......
.........###.........##...###....
.....#####............'...# #....
.....# ##.########..#...######.
.....# #................# #.
.....# ###..............# #.
.....# #..............# #.


There were no monsters in sight!

Vanquished Creatures
  2 ancient liches
  4 orbs of fire
  Mennas (Vaults:3)
  Mara (Vaults:3)
  Sojobo (Depths:4)
  The ghost of crawlian the Sorcerer, a veteran DEEE of Vehumet (Vaults:5)
  A shard shrike (shapeshifter) (Zot:5)
  Norris (Vaults:3)
  2 curse toes
  Saint Roka (Vaults:1)
  A Killer Klown (Zot:2)
  A caustic shrike (Depths:3)
  11 golden dragons
  A pearl dragon (Depths:4)
  A profane servitor (Abyss:4)
  A bone dragon (Depths:5)
  Xtahua (Depths:4)
  An electric golem (Zot:1)
  Jorgrun (Depths:4)
  4 liches
  A Hell Sentinel (D:7)
  18 tentacled monstrosities
  26 Orb Guardians
  3 quicksilver dragons
  4 deep elf blademasters (Elf:3)
  2 titans
  Asterion (Vaults:3)
  2 deep elf master archers (Elf:3)
  An acid blob (Zot:3)
  An eldritch tentacle (Depths:3)
  9 sphinxes
  9 death cobs
  5 tentacled starspawn (Abyss:4)
  Kirke (Lair:8)
  5 shadow dragons
  2 thorn hunters
  Agnes (D:14)
  5 storm dragons
  A revenant (Vaults:3)
  Roxanne (D:15)
  7 greater nagas
  3 daevas (Depths:4)
  5 draconian monks
  8 tengu reavers
  13 deep elf sorcerers (Elf:3)
  6 ghost moths
  8 fire giants
  Donald (Swamp:3)
  10 frost giants
  4 draconian knights
  A fire giant (shapeshifter) (Depths:2)
  20 vault wardens
  3 draconian scorchers
  A balrug (Abyss:4)
  3 cacodemons
  4 draconian zealots
  Aizul (Vaults:4)
  A ghoul (Vaults:3)
  7 draconian shifters
  13 ironheart preservers
  A deep elf elementalist (Vaults:5)
  3 draconian annihilators
  3 angels (Depths:4)
  A draconian caller (Zot:2)
  10 green draconians
  27 very ugly things
  A war gargoyle (Vaults:5)
  5 salamander stormcallers
  24 stone giants
  10 deep elf annihilators
  Nessos (D:12)
  A stone giant (shapeshifter) (Swamp:4)
  9 mottled draconians
  17 deep elf demonologists
  12 yellow draconians
  5 black draconians
  5 vampire knights
  6 red draconians
  8 purple draconians
  10 white draconians
  Azrael (D:15)
  7 spark wasps
  Snorg (Lair:3)
  2 green deaths (Swamp:4)
  15 ettins
  9 deep elf death magi
  25 yaktaur captains
  A blizzard demon (Depths:1)
  10 deep elf high priests
  28 vault guards
  A minotaur (Depths:3)
  19 fire dragons
  9 entropy weavers
  A death ooze (Swamp:4)
  A great orb of eyes (shapeshifter) (Swamp:4)
  Harold (Orc:2)
  A spriggan air mage (Depths:2)
  13 great orbs of eyes
  2 hell beasts (Swamp:4)
  19 ice dragons
  8 naga warriors
  2 catoblepae
  17 hydras
  A monstrous demonspawn (Depths:3)
  Erica (Orc:1)
  7 centaur warriors
  4 rakshasas
  9 anacondas
  8 alligators
  28 dancing weapons
  10 deep troll shamans
  2 orc high priests (Orc:4)
  16 starcursed masses (Abyss:4)
  11 ogre magi
  3 death yaks (Lair:7)
  10 deep troll earth magi
  9 tengu warriors
  4 spriggan berserkers
  A hell hog (shapeshifter) (Depths:2)
  A queen ant (Vaults:3)
  4 naga sharpshooters (Snake:4)
  Sonja (Orc:2)
  8 shock serpents
  2 soul eaters (Depths:1)
  2 fire crabs
  13 deep elf knights
  Nergalle (D:12)
  4 hell hogs
  6 wretched stars (Abyss:4)
  8 sun demons
  6 cherubim (Depths:4)
  4 unseen horrors
  4 skeletal warriors (D:14)
  A shadow wraith (Vaults:1)
  10 thrashing horrors
  6 iron trolls
  19 hell knights
  A storm dragon skeleton (Vaults:5)
  3 salamander mystics
  An obsidian statue (Depths:1)
  13 swamp dragons
  3 naga ritualists
  2 flayed ghosts
  A shambling mangrove (Swamp:3)
  3 deep elf archers
  A torturous demonspawn (Depths:3)
  18 ironbrand convokers
  2 spriggan druids
  15 orc knights
  17 sea snakes
  40 deep trolls
  10 mana vipers
  A lindwurm (Orc:4)
  3 giant orange brains
  5 hill giants
  A harpy (Elf:3)
  4 cyclopes
  2 cyclopes (shapeshifter)
  10 necromancers
  3 phantasmal warriors
  2 mana vipers (shapeshifter)
  6 griffons
  19 salamanders
  75 ugly things
  A frost giant zombie (Vaults:5)
  2 stone giant zombies
  2 wizards
  An oklob plant (Lair:8)
  5 wolf spiders
  A wolf spider (shapeshifter) (Depths:2)
  4 hornets
  4 sixfirhies
  6 orc sorcerers
  A worldbinder (Abyss:4)
  An octopode (shapeshifter) (Vaults:4)
  3 salamanders (shapeshifter)
  9 vault sentinels
  An elephant (shapeshifter) (Snake:4)
  2 water nymphs (shapeshifter)
  A stone giant skeleton (Vaults:3)
  A rust devil (D:2)
  11 elephants
  A black mamba (shapeshifter) (Vaults:4)
  5 smoke demons
  15 moths of wrath
  2 eyes of devastation (Abyss:4)
  9 guardian serpents
  7 orange demons
  11 naga magi
  3 ice statues (IceCv)
  46 black mambas
  Psyche (D:8)
  3 gargoyles
  An efreet (D:14)
  3 ice devils
  57 yaktaurs
  4 kobold demonologists (Vaults:2)
  9 komodo dragons
  30 spiny frogs
  8 fire drakes
  9 tengu conjurers
  A hellwing (Depths:1)
  5 red devils
  A two-headed ogre (shapeshifter) (Depths:3)
  5 ancient zymes (Abyss:4)
  8 jumping spiders
  9 freezing wraiths
  11 trolls
  A slime creature (shapeshifter) (Vaults:4)
  23 blink frogs
  2 polar bears (D:15)
  A tengu simulacrum (Vaults:3)
  A raiju (shapeshifter) (Vaults:5)
  A polar bear (shapeshifter) (Vaults:1)
  28 two-headed ogres
  A wind drake (shapeshifter) (Vaults:2)
  2 raiju (Abyss:4)
  11 giant leeches
  5 boulder beetles
  A trapdoor spider zombie (D:11)
  10 large abominations
  A spriggan (shapeshifter) (Depths:1)
  6 bog bodies
  A trapdoor spider (Abyss:4)
  3 air elementals
  38 slime creatures
  2 centaur simulacra (D:15)
  3 hogs
  68 yaks
  Sigmund (D:6)
  3 shadows (Swamp:4)
  3 neqoxecs (Abyss:4)
  9 spriggans
  A wolf spider simulacrum (D:15)
  A tarantella (shapeshifter) (Vaults:4)
  2 human simulacra
  20 redbacks
  A hog (shapeshifter) (D:15)
  6 wraiths
  35 removed MONS_DEEP_ELF_FIGHTERs
  63 deep elf magi
  A flying skull (Vaults:3)
  4 tarantellas
  4 chaos spawn
  3 fire elementals
  5 basilisks
  A fire bat (shapeshifter) (Abyss:4)
  A human (shapeshifter) (Depths:4)
  2 humans
  5 water elementals
  A ynoxinul (Depths:1)
  4 hungry ghosts
  7 golden eyes
  A golden eye (shapeshifter) (Vaults:2)
  36 nagas
  A yaktaur simulacrum (Vaults:3)
  A wyvern (D:10)
  8 wolves
  5 wargs
  17 vampire mosquitoes
  A soldier ant (shapeshifter) (Depths:4)
  Edmund (D:6)
  13 hippogriffs
  20 insubstantial wisps
  2 hell hounds (D:14)
  Duvessa (D:6)
  26 water moccasins
  A harpy simulacrum (D:15)
  10 swamp drakes
  19 porcupines
  10 small abominations
  2 ghosts (Vaults:3)
  26 swamp worms
  A mottled dragon (Vaults:2)
  A black bear (Lair:1)
  A deep troll skeleton (Vaults:3)
  12 ice beasts
  4 phantoms
  16 boggarts
  57 orc warriors
  3 eyes of draining
  20 wasps
  A sky beast (D:10)
  44 ogres
  5 big kobolds
  2 necrophages (D:8)
  14 centaurs
  18 giant frogs
  A human skeleton (Vaults:5)
  A wyvern zombie (D:11)
  21 crocodiles
  Dowan (D:6)
  4 earth elementals
  2 wyvern skeletons
  3 killer bees (D:7)
  2 scorpions
  23 wights
  5 electric eels
  13 crimson imps
  3 iron imps
  9 hounds
  5 centaur zombies
  4 giant frog skeletons
  4 jellies
  A wyvern simulacrum (D:15)
  7 centaur skeletons
  44 orc priests
  12 iguanas
  11 worker ants
  31 orc wizards
  Ijyb (D:3)
  5 quasits
  A hell rat (shapeshifter) (Vaults:3)
  41 sheep
  A hound zombie (D:5)
  55 river rats
  A worker ant zombie (D:8)
  3 gnolls (D:4)
  29 adders
  5 shadow imps
  3 white imps
  6 ufetubi
  An adder zombie (D:7)
  3 oozes
  2 worms
  An adder skeleton (D:4)
  190 orcs
  A ball python (Lair:5)
  7 bats
  8 hobgoblins
  16 jackals
  22 kobolds
  2 quokkas
  5 giant cockroaches
  5 giant geckos
  4 giant newts
  8 goblins
  A jackal skeleton (D:5)
  A jackal zombie (D:5)
  6 rats
  A briar patch (Swamp:4)
  2 crawling corpses (Vaults:5)
  A fire vortex (Depths:1)
  2 fungi
  A lurking horror (Abyss:4)
  4 spectral weapons (Vaults:3)
  4 starspawn tentacles (Abyss:4)
  A toadstool (Swamp:2)
2861 creatures vanquished.

Vanquished Creatures (collateral kills)
  An electric golem (Zot:5)
  An ironheart preserver (Vaults:3)
  A deep elf demonologist (Elf:3)
  2 black draconians (Depths:5)
  A red draconian (Depths:5)
  A white draconian (Zot:5)
  An ettin (Depths:5)
  Josephine (Orc:3)
  3 naga warriors
  An ogre mage (Depths:1)
  A naga sharpshooter (Snake:4)
  A deep elf knight (Elf:2)
  3 sea snakes
  2 swamp dragons (Swamp:4)
  A naga ritualist (Snake:1)
  A mana viper (Snake:4)
  An orc knight (Vaults:2)
  4 ugly things
  2 salamanders
  A deep elf mage (Vaults:3)
  A shining eye (Abyss:4)
  8 black mambas
  A guardian serpent (Snake:4)
  An elephant (Lair:8)
  A vault sentinel (Vaults:3)
  3 gargoyles (Lab)
  A komodo dragon (Lair:4)
  A slime creature (Swamp:4)
  2 bog bodies
  2 redbacks
  A removed MONS_DEEP_ELF_FIGHTER (Elf:1)
  A basilisk (Lair:6)
  8 nagas
  An orc warrior (Vaults:2)
  A sheep (Lair:8)
  A plant (Lair:5)
64 creatures vanquished.

Vanquished Creatures (others)
  A deep elf master archer (Elf:3)
  A sphinx (Zot:1)
  An eldritch tentacle (Depths:3)
  A greater naga (Snake:4)
  A fire giant (Vaults:3)
  An orc warlord (Orc:4)
  A deep elf elementalist (Vaults:5)
  A spark wasp (Depths:4)
  A deep elf high priest (Vaults:5)
  An ice dragon (Zot:4)
  7 dancing weapons
  A thrashing horror (Abyss:4)
  A death yak (Vaults:5)
  An orc high priest (Orc:4)
  A deep elf knight (Vaults:1)
  A large abomination (Abyss:4)
  A necromancer (Depths:2)
  An orc sorcerer (Orc:4)
  A deep elf mage (Elf:1)
  An ugly thing (Depths:2)
  5 moths of wrath
  An elephant (Lair:8)
  A tengu conjurer (Depths:5)
  A slime creature (Swamp:3)
  A blink frog (Swamp:3)
  A yak (Lair:8)
  A centaur simulacrum (D:15)
  A removed MONS_DEEP_ELF_FIGHTER (Elf:1)
  A vampire (Abyss:4)
  2 wargs (Vaults:5)
  A golden eye (Abyss:4)
  A ghost (Vaults:3)
  An insubstantial wisp (Swamp:2)
  An ogre (Vaults:4)
  An orc warrior (Orc:4)
  2 boggarts
  A crocodile (Lair:8)
  3 starcursed masses (Abyss:4)
  2 orc priests (Orc:4)
  3 orcs
  A briar patch (Swamp:4)
  A bush (Lair:6)
  159 eldritch tentacle segments (Depths:3)
  105 fungi
  68 plants
  11 starspawn tentacles (Abyss:4)
  222 starspawn tentacle segments (Abyss:4)
  6 toadstools (Swamp:2)
630 creatures vanquished.

Grand Total: 3555 creatures vanquished

Notes
Turn   | Place    | Note
--------------------------------------------------------------
     0 | D:1      | ThermosAquaticus the Gargoyle Chaos Knight began the quest for the Orb.
     0 | D:1      | Reached XP level 1. HP: 14/14 MP: 1/1
   123 | D:1      | XOM: harmless Chrm miscast
   260 | D:1      | XOM: divination: magic mapping
   321 | D:1      | Reached XP level 2. HP: 17/19 MP: 2/2
   621 | D:1      | Reached skill level 4 in Maces & Flails
   628 | D:1      | XOM: confuse monster(s)
   634 | D:1      | XOM: fog
   651 | D:1      | Reached XP level 3. HP: 21/23 MP: 3/3
   651 | D:1      | XOM: medium Ice miscast
   741 | D:1      | XOM: mild Tloc miscast
   997 | D:1      | XOM: scenery: create altars
  1281 | D:2      | Found a glowing silver altar of Zin.
  1281 | D:2      | Found a shimmering altar of Xom.
  1281 | D:2      | XOM: 6-stop teleportation journey
  1478 | D:2      | Noticed an angel
  1544 | D:2      | Reached XP level 4. HP: 23/28 MP: 4/4
  1884 | D:2      | XOM: god gift: 45 gold pieces
  1991 | D:3      | XOM: stealth player
  2135 | D:3      | XOM: divination: detect items
  2138 | D:3      | Reached skill level 5 in Maces & Flails
  2149 | D:3      | Found a shadowy altar of Dithmenos.
  2188 | D:3      | Found a sacrificial altar of Ru.
  2275 | D:3      | Reached XP level 5. HP: 24/32 MP: 5/5
  2500 | D:3      | XOM: divination: detect items
  2501 | D:3      | Noticed Ijyb
  2507 | D:3      | XOM: enchant monster (good)
  2525 | D:3      | Killed Ijyb
  2525 | D:3      | Reached skill level 6 in Maces & Flails
  2581 | D:3      | XOM: harmless Pois miscast
  2699 | D:3      | XOM: vitrification
  2996 | D:3      | XOM: butterfly on damage
  3000 | D:3      | Reached XP level 6. HP: 19/37 MP: 6/6
  3092 | D:3      | XOM: give mutation
  3092 | D:3      | Gained mutation: You are partially covered in rugged brown scales (AC +1, +3% HP). [Xom's grace]
  3418 | D:4      | Reached skill level 7 in Maces & Flails
  3428 | D:4      | XOM: cast spell 'Hydra Form'
  3538 | D:4      | Reached XP level 7. HP: 29/42 MP: 7/7
  3714 | D:4      | Reached skill level 8 in Maces & Flails
  4072 | D:4      | Reached skill level 1 in Dodging
  4246 | D:5      | Entered Level 5 of the Dungeon
  4507 | D:5      | Found an ancient bone altar of Kikubaaqudgha.
  4671 | D:5      | XOM: vitrification
  5125 | D:5      | XOM: vitrification
  5305 | D:5      | Reached XP level 8. HP: 45/47 MP: 8/8
  5344 | D:5      | XOM: give mutations
  5344 | D:5      | Gained mutation: You have large cloven feet. [Xom's grace]
  5344 | D:5      | Gained mutation: You are partially covered in slimy green scales (AC +2). [Xom's grace]
  5378 | D:5      | XOM: god gift: 54 gold pieces
  5539 | D:6      | Reached skill level 9 in Maces & Flails
  5541 | D:6      | XOM: potion effect (brilliance)
  5558 | D:5      | XOM: vitrification
  5617 | D:6      | XOM is BORED!
  5617 | D:6      | XOM: enchant monster (bad)
  5761 | D:6      | Noticed Sigmund
  5764 | D:6      | XOM: silly message
  5766 | D:6      | XOM: cast spell 'Summon Butterflies'
  5796 | D:6      | XOM: confuse monster(s)
  5802 | D:6      | Killed Sigmund
  5802 | D:6      | Reached skill level 5 in Fighting
  6187 | D:6      | Noticed Edmund
  6206 | D:6      | Killed Edmund
  6224 | D:6      | XOM: colour smoke trail
  6229 | D:6      | Noticed Dowan
  6233 | D:6      | Noticed Duvessa
  6249 | D:6      | XOM: confuse monster(s)
  6251 | D:6      | Killed Duvessa
  6260 | D:6      | Killed Dowan
  6260 | D:6      | Reached XP level 9. HP: 34/57 MP: 9/9
  6289 | D:6      | Noticed a hill giant
  6304 | D:6      | XOM: harmless Air miscast
  6305 | D:6      | XOM: enchant monster (good)
  6309 | D:6      | XOM: enchant monster (good)
  6315 | D:6      | Killed a hill giant
  6315 | D:6      | Reached skill level 10 in Maces & Flails
  6484 | D:7      | Found a deep blue altar of Sif Muna.
  6623 | D:7      | Found a staircase to the Ecumenical Temple.
  6782 | D:7      | Reached skill level 11 in Maces & Flails
  6835 | D:7      | Found Zuclijun's Assorted Antiques.
  6893 | D:7      | XOM: harmless Tloc miscast
  6902 | D:7      | Reached skill level 5 in Armour
  7114 | D:7      | Reached XP level 10. HP: 57/64 MP: 10/10
  7204 | D:7      | XOM: mild Chrm miscast
  7414 | D:7      | XOM: harmless Conj miscast
  7532 | D:7      | XOM: swap monsters
  7736 | D:8      | XOM: medium Air miscast
  7769 | D:8      | Found a staircase to the Lair.
  7782 | D:8      | Reached skill level 12 in Maces & Flails
  8044 | D:8      | Found a white marble altar of Elyvilon.
  8120 | D:8      | Noticed Psyche
  8133 | D:8      | XOM: confusion (+ monsters)
  8158 | D:8      | Killed Psyche
  8202 | D:8      | Found a stormy altar of Qazlal.
  8429 | D:9      | XOM: silly message
  8468 | D:9      | XOM: mild Pois miscast
  8483 | D:9      | XOM: harmless Fire miscast
  8507 | D:9      | Reached skill level 1 in Evocations
  8659 | D:9      | XOM: 5-stop teleportation journey
  8765 | D:9      | XOM: give mutations
  8765 | D:9      | Gained mutation: You are frail (-10% HP). [Xom's mischief]
  8765 | D:9      | Lost mutation: You have large cloven feet. [Xom's mischief]
  8765 | D:9      | Lost mutation: You are partially covered in slimy green scales (AC +2). [Xom's mischief]
  8997 | D:9      | XOM: give mutation
  8997 | D:9      | Gained mutation: Armour fits poorly on your strangely shaped body. [Xom's mischief]
  9082 | D:9      | XOM: give mutations
  9082 | D:9      | Gained mutation: Your flesh is cold resistant. [Xom's mischief]
  9082 | D:9      | Gained mutation: You are very frail (-20% HP). [Xom's mischief]
  9082 | D:9      | Gained mutation: Your large and strong wings let you fly indefinitely. [Xom's mischief]
  9082 | D:9      | Lost mutation: Armour fits poorly on your strangely shaped body. [Xom's mischief]
  9164 | D:9      | XOM: severe Erth miscast
  9232 | D:9      | XOM: harmless Summ miscast
  9265 | D:10     | Entered Level 10 of the Dungeon
  9268 | D:10     | XOM: severe Chrm miscast
  9268 | D:10     | Paralysed by the severe capriciousness of Xom for 6 turns
  9271 | D:10     | XOM: smoke on damage
  9276 | D:9      | XOM: fog
  9279 | D:9      | XOM: harmless Erth miscast
  9283 | D:9      | XOM: blink monster(s)
  9633 | D:10     | XOM: silly message
  9652 | D:10     | Reached skill level 13 in Maces & Flails
  9655 | D:10     | XOM: mild Pois miscast
  9958 | D:10     | XOM is BORED!
  9958 | D:10     | XOM: summons 3 hostile shadow creatures
  9959 | D:10     | Noticed a hill giant
  9959 | D:10     | Noticed a hill giant
 10123 | D:10     | XOM: summons 5 hostile shadow creatures
 10131 | D:10     | XOM: summons 4 hostile demons
 10144 | D:10     | XOM: butterfly on damage
 10270 | Lair:1   | Entered Level 1 of the Lair of Beasts
 10349 | Lair:1   | Reached XP level 11. HP: 55/55 MP: 13/13
 10361 | Lair:1   | Found a labyrinth entrance.
 10390 | Lab      | Entered a labyrinth
 10561 | Lab      | Noticed a minotaur
 10572 | Lab      | a minotaur changed into a giant leech
 10572 | Lab      | XOM: polymorph minotaur -> giant leech
 10574 | Lab      | XOM: butterfly on damage
 10592 | Lab      | Identified Sif Muna's Guide on Transmutation
 10593 | Lab      | Got an ancient greatsling
 10593 | Lab      | Got a bloodstained short sword
 10609 | Lair:1   | XOM: 6-stop teleportation journey
 10922 | Lair:1   | Reached skill level 5 in Evocations
 11297 | Lair:1   | XOM: butterfly on damage
 11455 | Lair:1   | XOM: god gift: ring of intelligence {god gift}
 11531 | Lair:1   | XOM: smoke on damage
 11888 | Lair:2   | XOM: divination: magic mapping
 11899 | Lair:2   | XOM: 3-stop teleportation journey
 11901 | Lair:2   | XOM: 9-stop teleportation journey
 12080 | Lair:2   | XOM: noise
 12102 | Lair:2   | XOM: mild Necr miscast
 12129 | Lair:2   | XOM: confusion (+ monsters)
 12133 | Lair:2   | XOM: chaos cloud
 12144 | Lair:2   | Reached skill level 14 in Maces & Flails
 12338 | Lair:2   | XOM: enchant monster (bad)
 12346 | Lair:2   | XOM: noise
 12369 | Lair:2   | XOM: divination: magic mapping
 12385 | Lair:2   | XOM: 8-stop teleportation journey
 12442 | Lair:2   | XOM: noise
 12570 | Lair:2   | XOM: medium Hex miscast
 12731 | Lair:2   | XOM: harmless Chrm miscast
 12742 | Lair:2   | XOM: potion effect (might)
 12746 | Lair:2   | XOM: cast spell 'Summon Butterflies'
 12771 | Lair:2   | XOM: divination: detect creatures
 12893 | Lair:2   | XOM: harmless Necr miscast
 13333 | Lair:3   | XOM: divination: detect items
 13342 | Lair:3   | XOM: potion effect (might)
 13492 | Lair:3   | Noticed Snorg
 13501 | Lair:3   | Killed Snorg
 13501 | Lair:3   | Reached XP level 12. HP: 61/63 MP: 16/16
 13533 | Lair:3   | XOM: god gift: scroll of vulnerability
 13648 | Lair:3   | XOM: fog
 13753 | Lair:3   | XOM: potion effect (berserk rage)
 13759 | Lair:3   | XOM: god gift: 8 gold pieces
 13801 | Lair:3   | XOM: give mutation
 13801 | Lair:3   | Gained mutation: Your spells are a little harder to cast, but a little more powerful. [Xom's grace]
 14365 | Lair:3   | XOM: cast spell 'Spider Form'
 14666 | Lair:4   | Reached skill level 10 in Fighting
 14686 | Lair:4   | XOM: harmless Divn miscast
 14697 | Lair:4   | XOM: smoke on damage
 14803 | Lair:4   | XOM: colour smoke trail
 14969 | Lair:4   | XOM: blink monster(s)
 15038 | Lair:4   | XOM: enchant monster (good)
 15040 | Lair:4   | XOM: summons friendly iron imp
 15255 | Lair:4   | XOM: confusion (+ monsters)
 15262 | Lair:4   | XOM: divination: detect items
 15263 | Lair:4   | XOM: summons 1 friendly demon
 15264 | Lair:4   | XOM: polymorph yak -> something unseen
 15274 | Lair:4   | XOM: confuse monster(s)
 15315 | Lair:4   | XOM: harmless Ice miscast
 15339 | Lair:4   | XOM: colour smoke trail
 15475 | Lair:4   | XOM: enchant monster (good)
 15543 | Lair:4   | Learned a level 3 spell: Regeneration
 15547 | Lair:4   | Learned a level 3 spell: Spectral Weapon
 15684 | Lair:4   | XOM: confuse monster(s)
 15769 | Lair:4   | Reached skill level 1 in Charms
 15952 | Lair:4   | Found a staircase to the Swamp.
 15968 | Lair:4   | Reached skill level 1 in Necromancy
 16377 | Lair:5   | Found a staircase to the Snake Pit.
 16393 | Lair:5   | XOM: enchant monster (bad)
 16394 | Lair:5   | XOM: cast spell 'Summon Hydra'
 16516 | Lair:5   | XOM: mild Summ miscast
 16827 | Lair:5   | XOM: snakes to sticks
 16827 | Lair:5   | Reached XP level 13. HP: 55/68 MP: 19/19
 16848 | Lair:5   | XOM: summons 1 hostile demon
 17212 | Lair:5   | XOM: butterfly on damage
 17218 | Lair:5   | XOM: harmless Air miscast
 17297 | Lair:5   | Reached skill level 5 in Charms
 17327 | Lair:5   | XOM: summons 2 hostile shadow creatures
 17368 | Lair:5   | XOM: medium Erth miscast
 17372 | Lair:5   | XOM: summons 1 hostile demon
 17431 | Lair:5   | XOM: 2-stop teleportation journey
 17933 | Lair:5   | XOM: 1-stop teleportation journey
 17951 | Lair:5   | Reached skill level 1 in Spellcasting
 18050 | Lair:6   | XOM: fog
 18247 | Lair:6   | XOM: colour smoke trail
 18275 | Lair:6   | XOM: silly message
 18288 | Lair:6   | XOM: cast spell 'Chain of Chaos'
 18300 | Lair:6   | XOM: enchant monster (bad)
 18303 | Lair:6   | XOM: god gift: robe {god gift}
 18463 | Lair:6   | XOM: mild Pois miscast
 18811 | Lair:6   | XOM: harmless Erth miscast
 18836 | Lair:6   | XOM: 5-stop teleportation journey
 18837 | Lair:6   | XOM: confusion (+ monsters)
 18909 | Lair:6   | XOM: harmless Trmt miscast
 18926 | Lair:6   | XOM: potion effect (haste)
 18931 | Lair:6   | Reached skill level 1 in Hexes
 19113 | Lair:6   | Found a viscous altar of Jiyva.
 19113 | Lair:6   | Found a staircase to the Slime Pits.
 19168 | Lair:6   | XOM: summons friendly quasit
 19224 | Lair:6   | XOM: enchant monster (good)
 19348 | Lair:6   | XOM is BORED!
 19348 | Lair:6   | XOM: confusion (+ monsters)
 19357 | Lair:6   | XOM: swap monsters
 19742 | Lair:7   | XOM: summons 4 friendly demons
 19946 | Lair:7   | XOM: swap monsters
 19999 | Lair:7   | XOM: snakes to sticks
 20004 | Lair:7   | XOM: divination: detect items
 20045 | Lair:7   | XOM: noise
 20050 | Lair:7   | XOM: harmless Air miscast
 20076 | Lair:7   | Mutation became permanent: Your large and strong wings let you fly indefinitely. [Gargoyle growth]
 20076 | Lair:7   | Reached XP level 14. HP: 61/73 MP: 20/20
 20092 | Lair:7   | XOM: god gift: pair of glowing gloves {god gift}
 20101 | Lair:7   | XOM: fog
 20248 | Lair:7   | XOM: enchant monster (good)
 20260 | Lair:7   | XOM: swap monsters
 20268 | Lair:7   | XOM: destruction
 20462 | Lair:7   | XOM: give mutations
 20462 | Lair:7   | Lost mutation: You are very frail (-20% HP). [Xom's grace]
 20462 | Lair:7   | Gained mutation: Your flesh is very cold resistant. [Xom's grace]
 20462 | Lair:7   | Gained mutation: You have a pair of small horns on your head. [Xom's grace]
 20462 | Lair:7   | Gained mutation: Your movements are slightly less encumbered by armour (ER -2). [Xom's grace]
 20536 | Lair:7   | XOM is BORED!
 20536 | Lair:7   | XOM: summons 2 hostile demons
 20656 | Lair:7   | XOM: god gift: scroll of blinking
 20820 | Lair:7   | XOM: enchant monster (good)
 20836 | Lair:7   | XOM: harmless Necr miscast
 20870 | Lair:7   | XOM: give mutation
 20870 | Lair:7   | Gained mutation: You are clumsy. (Dex -2) [Xom's mischief]
 20932 | Lair:7   | XOM: medium Conj miscast
 21015 | Lair:7   | XOM: harmless Trmt miscast
 21018 | Lair:7   | XOM: summons 1 hostile demon
 21213 | Lair:7   | XOM: god gift: translucent chain mail {god gift}
 21214 | Lair:7   | Got a translucent chain mail {god gift}
 21225 | Lair:7   | Identified the +5 chain mail of the Ancient Curses {*Confuse rElec rN++ Regen+} (Xom gifted it to you on level 7 of the Lair of Beasts)
 21382 | Lair:8   | Entered Level 8 of the Lair of Beasts
 21382 | Lair:8   | Noticed Kirke
 21385 | Lair:8   | XOM: divination: detect creatures
 21423 | Lair:8   | XOM: cast spell 'Summon Small Mammal'
 21453 | Lair:8   | Reached skill level 10 in Armour
 21508 | Lair:8   | XOM: divination: magic mapping
 21540 | Lair:8   | XOM: 4-stop teleportation journey
 21662 | Lair:8   | XOM: give mutations
 21662 | Lair:8   | Lost mutation: You are partially covered in rugged brown scales (AC +1, +3% HP). [Xom's mischief]
 21662 | Lair:8   | Lost mutation: You have a pair of small horns on your head. [Xom's mischief]
 21789 | Lair:8   | XOM: medium Erth miscast
 21908 | Lair:8   | XOM: enchant monster (bad)
 22076 | Lair:8   | XOM: swap monsters
 22081 | Lair:8   | Reached skill level 5 in Dodging
 22197 | Lair:8   | XOM: noise
 22210 | Lair:8   | XOM: snakes to sticks
 22220 | Lair:8   | XOM: noise
 22226 | Lair:8   | XOM: silly message
 22235 | Lair:8   | XOM: enchant monster (bad)
 22239 | Lair:8   | XOM: polymorph elephant -> fire crab
 22247 | Lair:8   | XOM: noise
 22295 | Lair:8   | XOM: silly message
 22374 | Lair:8   | XOM: noise
 22380 | Lair:8   | XOM: mild Erth miscast
 22387 | Lair:8   | XOM: chaos cloud
 22398 | Lair:8   | XOM: silly message
 22399 | Lair:8   | XOM: confusion (+ monsters)
 22531 | Lair:8   | XOM: confusion
 22604 | Lair:8   | XOM: summons 4 friendly demons
 22614 | Lair:8   | XOM: potion effect (brilliance)
 22628 | Lair:8   | XOM: confusion (+ monsters)
 22658 | Lair:8   | XOM: summons 2 friendly demons
 22830 | Lair:8   | XOM: enchant monster (bad)
 22844 | Lair:8   | XOM: enchant monster (bad)
 22936 | Lair:8   | XOM: confuse monster(s)
 22945 | Lair:8   | Killed Kirke
 23098 | Lair:8   | XOM: confusion
 23100 | Lair:8   | XOM: confusion (+ monsters)
 23102 | Lair:8   | XOM: torment (65/79 hp)
 23145 | Lair:8   | XOM: mild Air miscast
 23168 | Lair:8   | XOM: potion effect (invisibility)
 23173 | Lair:8   | XOM: harmless Ice miscast
 23257 | Lair:8   | Gained mutation: You are partially covered in icy blue scales (AC +1). [potion of beneficial mutation]
 23305 | Lair:8   | XOM: give mutations
 23305 | Lair:8   | Gained mutation: Scrolls take you a little longer to read. [Xom's mischief]
 23305 | Lair:8   | Lost mutation: Scrolls take you a little longer to read. [Xom's mischief]
 23305 | Lair:8   | Lost mutation: You are frail (-10% HP). [Xom's mischief]
 23357 | Lair:8   | XOM: blink monster(s)
 23764 | Lair:8   | XOM: confusion (+ monsters)
 23772 | Lair:8   | XOM: harmless Chrm miscast
 23779 | Lair:8   | XOM: confusion
 23793 | Lair:8   | Reached XP level 15. HP: 81/93 MP: 18/21
 23847 | Lair:8   | XOM: confusion
 23854 | Lair:8   | XOM: mild Fire miscast
 23887 | Lair:8   | Gained mutation: You are occasionally teleported next to monsters. [mutagenic meat]
 23888 | Lair:8   | Lost mutation: Your flesh is very cold resistant. [mutagenic meat]
 23889 | Lair:8   | Gained mutation: Your movements are less encumbered by armour (ER -4). [mutagenic meat]
 23890 | Lair:8   | Gained mutation: You are dopey. (Int -2) [mutagenic meat]
 23891 | Lair:8   | Lost mutation: Your spells are a little harder to cast, but a little more powerful. [potion of mutation]
 23891 | Lair:8   | Gained mutation: You are very dopey. (Int -4) [potion of mutation]
 23892 | Lair:8   | Gained mutation: Your body sometimes deteriorates upon taking damage. [potion of mutation]
 24009 | Lair:5   | XOM: mild Erth miscast
 24132 | D:8      | XOM: colour smoke trail
 24195 | D:10     | Gained mutation: Your spells are a little harder to cast, but a little more powerful. [mutagenic meat]
 24196 | D:10     | Lost mutation: You are very dopey. (Int -4) [mutagenic meat]
 24197 | D:10     | Gained mutation: You passively map a small area around you. [mutagenic meat]
 24198 | D:10     | Lost mutation: Your flesh is cold resistant. [mutagenic meat]
 24200 | D:10     | Gained mutation: You are partially covered in yellow scales (AC +2). [mutagenic meat]
 24392 | D:11     | XOM: colour smoke trail
 24413 | D:11     | XOM: enchant monster (good)
 24582 | D:11     | Found Iqony's General Store.
 24621 | D:11     | XOM: mild Chrm miscast
 24848 | D:11     | Found a staircase to the Orcish Mines.
 25080 | D:11     | Found Ungeelei's Book Emporium.
 25096 | D:11     | XOM: noise
 25098 | D:11     | XOM: confuse monster(s)
 25137 | D:11     | Found Sodoxeg's Distillery.
 25388 | Orc:1    | Entered Level 1 of the Orcish Mines
 25388 | Orc:1    | Found a roughly hewn altar of Beogh.
 25393 | Orc:1    | Noticed Erica
 25418 | Orc:1    | Killed Erica
 25611 | Orc:2    | Noticed Harold
 25628 | Orc:2    | Killed Harold
 25728 | Orc:2    | XOM: mild Chrm miscast
 25861 | Orc:3    | Noticed Sonja
 25866 | Orc:3    | XOM: confuse monster(s)
 25904 | Orc:3    | XOM: cast spell 'Hydra Form'
 25919 | Orc:3    | XOM: confusion (+ monsters)
 25922 | Orc:3    | XOM: 2-stop teleportation journey
 25935 | Orc:2    | Killed Sonja
 25935 | Orc:2    | Reached skill level 15 in Maces & Flails
 26079 | Orc:3    | XOM: silly message
 26093 | Orc:3    | Found a staircase to the Elven Halls.
 26103 | Orc:3    | XOM: summons friendly crimson imp
 26191 | Orc:3    | XOM: medium Erth miscast
 26216 | Orc:3    | Noticed Josephine
 26236 | Orc:3    | XOM: summons 7 friendly demons
 26240 | Orc:3    | Killed Josephine
 26988 | Orc:1    | Found Jabi's General Store.
 27014 | Orc:1    | Found Gumelas's Magic Scroll Shop.
 27048 | Orc:1    | Bought a scroll of teleportation for 45 gold pieces
 27048 | Orc:1    | Bought a scroll of teleportation for 45 gold pieces
 27052 | Orc:1    | Found Dimojy's Distillery.
 27153 | Orc:1    | Found Gicseuts's Assorted Antiques.
 27162 | Orc:1    | Bought a runed eveningstar for 465 gold pieces
 27182 | Orc:1    | Found Biut's General Store.
 27253 | Orc:4    | Entered Level 4 of the Orcish Mines
 27308 | Orc:4    | Found a dark tunnel.
 27312 | Orc:4    | XOM: stat loss: -1 Int (11/12)
 27351 | Volcano  | Entered a volcano
 27431 | Volcano  | XOM: blink monster(s)
 27434 | Volcano  | XOM: severe Erth miscast
 27747 | Orc:4    | XOM: stat loss: -1 Dex (10/12)
 28353 | Orc:4    | XOM: summons friendly quasit
 28362 | Orc:4    | XOM: summons friendly quasit
 28365 | Orc:4    | XOM: cast spell 'Dispersal'
 28372 | Orc:4    | XOM: confuse monster(s)
 28373 | Orc:4    | Reached skill level 1 in Shields
 28422 | Orc:4    | XOM: harmless Chrm miscast
 28615 | Orc:4    | XOM: mild Necr miscast
 28617 | Orc:4    | XOM: silly message
 28632 | Orc:4    | Paralysed by an orc sorcerer for 2 turns
 28672 | Orc:4    | XOM: noise
 28684 | Orc:4    | XOM: medium Ice miscast
 28735 | Orc:4    | XOM: silly message
 28749 | Orc:4    | XOM: silly message
 28766 | Orc:4    | XOM: cast spell 'Call Canine Familiar'
 28918 | Orc:4    | XOM: confuse monster(s)
 28920 | Orc:4    | XOM: smoke on damage
 28928 | Orc:4    | XOM: blink monster(s)
 29102 | Orc:4    | XOM: silly message
 29138 | Orc:4    | Found Jupufil's General Store.
 29139 | Orc:4    | Found Hudablau's Jewellery Boutique.
 29140 | Orc:4    | Found Yrphaext's Antique Armour Shop.
 29140 | Orc:4    | Found Gutis's Antique Weapon Shop.
 29155 | Orc:4    | Bought an uncursed ring of protection from magic for 300 gold pieces
 29160 | Orc:4    | Bought the ring of Shaolin {EV+8} for 1536 gold pieces
 29160 | Orc:4    | Bought a cursed amulet of inaccuracy for 24 gold pieces
 29405 | D:12     | Noticed Nessos
 29433 | D:12     | Killed Nessos
 29509 | D:12     | Found Haemuot's Quality Used Wands.
 29740 | D:12     | Noticed Nergalle
 29751 | D:12     | Killed Nergalle
 29751 | D:12     | Reached skill level 16 in Maces & Flails
 29751 | D:12     | Reached skill level 5 in Shields
 29919 | D:12     | Got an encrusted shield
 30218 | D:12     | XOM: colour smoke trail
 30358 | D:13     | XOM: mild Summ miscast
 30359 | D:13     | XOM: stat loss: -1 Int (10/12)
 30374 | D:13     | XOM: swap monsters
 30383 | D:13     | XOM: medium Trmt miscast
 30399 | D:13     | XOM: divination: magic mapping
 30414 | D:13     | XOM: cast spell 'Summon Small Mammal'
 30680 | D:13     | XOM: harmless Summ miscast
 30721 | D:13     | Reached XP level 16. HP: 99/99 MP: 22/22
 30805 | D:13     | XOM: harmless Divn miscast
 30888 | D:13     | XOM: harmless Necr miscast
 31136 | D:13     | XOM: harmless Erth miscast
 31262 | D:14     | XOM: divination: detect items
 31368 | D:14     | XOM: harmless Necr miscast
 31375 | D:14     | XOM: potion effect (berserk rage)
 31396 | D:14     | Reached skill level 10 in Charms
 31409 | D:14     | Noticed Azrael
 31501 | D:14     | Found a gate to the Vaults.
 31520 | D:14     | XOM: potion effect (brilliance)
 31524 | D:14     | Identified the +7 shield of Grace {+Blink} (You found it on level 12 of the Dungeon)
 31532 | D:14     | Noticed Agnes
 31547 | D:14     | Killed Agnes
 31575 | D:14     | Gained mutation: You are frail (-10% HP). [potion of mutation]
 31575 | D:14     | Lost mutation: Your body sometimes deteriorates upon taking damage. [potion of mutation]
 31647 | D:14     | XOM: divination: detect creatures
 31650 | D:14     | Reached skill level 5 in Spellcasting
 31996 | D:14     | XOM: confuse monster(s)
 32002 | D:14     | XOM: mild Hex miscast
 32157 | D:14     | XOM: fog
 32290 | D:15     | Entered Level 15 of the Dungeon
 32291 | D:15     | XOM: vitrification
 32341 | D:15     | XOM: enchant monster (good)
 32345 | D:15     | XOM: cast spell 'Shadow Creatures'
 32355 | D:15     | XOM: summons friendly quasit
 32357 | D:15     | XOM: enchant monster (good)
 32370 | D:15     | XOM: potion effect (berserk rage)
 32416 | D:15     | XOM: harmless Tloc miscast
 32480 | D:15     | XOM: divination: detect creatures
 32496 | D:15     | XOM: harmless Trmt miscast
 32497 | D:15     | XOM: harmless Chrm miscast
 32513 | D:15     | XOM: potion effect (heal wounds)
 32542 | D:15     | XOM: silly message
 32570 | D:15     | Gained mutation: Your spells are harder to cast, but more powerful. [mutagenic meat]
 32571 | D:15     | Lost mutation: Your spells are harder to cast, but more powerful. [mutagenic meat]
 32572 | D:15     | Gained mutation: You are very clumsy. (Dex -4) [mutagenic meat]
 32626 | D:15     | Found a frozen archway.
 32634 | IceCv    | Entered an ice cave
 32640 | IceCv    | XOM: confuse monster(s)
 32701 | IceCv    | XOM: harmless Air miscast
 32902 | D:15     | Killed Azrael
 32912 | D:15     | XOM: confusion (+ monsters)
 32971 | D:15     | XOM: potion effect (haste)
 33148 | D:15     | XOM: silly message
 33153 | D:15     | Noticed Roxanne
 33156 | D:15     | XOM: potion effect (curing)
 33168 | D:15     | Killed Roxanne
 33274 | D:15     | XOM: confusion (+ monsters)
 33275 | D:15     | XOM: confusion (+ monsters)
 33289 | D:15     | Found a staircase to the Depths.
 33652 | D:11     | Bought a book of Minor Magic for 300 gold pieces
 33655 | D:11     | Learned a level 2 spell: Repel Missiles
 33658 | D:11     | Learned a level 2 spell: Blink
 33764 | Lair:1   | Learned a level 6 spell: Haste
 33899 | Swamp:1  | Entered Level 1 of the Swamp
 33907 | Swamp:1  | XOM: enchant monster (good)
 33940 | Swamp:1  | XOM: 5-stop teleportation journey
 33950 | Swamp:1  | XOM: noise
 34075 | Swamp:1  | XOM: confuse monster(s)
 34081 | Swamp:1  | XOM: divination: magic mapping
 34204 | Swamp:1  | XOM: enchant monster (bad)
 34237 | Swamp:1  | XOM: mild Hex miscast
 34261 | Swamp:1  | XOM: silly message
 34361 | Swamp:1  | XOM: medium Chrm miscast
 34362 | Swamp:1  | Reached XP level 17. HP: 87/92 MP: 25/27
 34555 | Swamp:1  | XOM: scenery: create altars
 34568 | Swamp:1  | XOM: noise
 34622 | Swamp:2  | XOM: repel stairs
 34688 | Swamp:2  | XOM: summons 3 friendly demons
 34701 | Swamp:2  | XOM: noise
 34704 | Swamp:2  | XOM: confuse monster(s)
 34725 | Swamp:2  | XOM: confuse monster(s)
 34729 | Swamp:2  | XOM: cast spell 'Summon Swarm'
 34755 | Swamp:2  | XOM: potion effect (heal wounds)
 34757 | Swamp:2  | XOM: cast spell 'Summon Ice Beast'
 34774 | Swamp:2  | XOM: confuse monster(s)
 34815 | Swamp:2  | XOM: potion effect (haste)
 34820 | Swamp:2  | XOM: potion effect (haste)
 34838 | Swamp:2  | XOM: confuse monster(s)
 34845 | Swamp:2  | XOM: potion effect (agility)
 34914 | Swamp:2  | XOM: divination: detect creatures
 34976 | Swamp:2  | XOM: cast spell 'Hydra Form'
 35163 | Swamp:2  | XOM: polymorph slime creature -> great orb of eyes
 35256 | Swamp:2  | Identified Kuawuec's Tome of Air and the Volcanoes
 35260 | Swamp:2  | Learned a level 2 spell: Swiftness
 35593 | Swamp:2  | XOM: give mutations
 35593 | Swamp:2  | Gained mutation: You are very frail (-20% HP). [Xom's mischief]
 35593 | Swamp:2  | Lost mutation: You are very frail (-20% HP). [Xom's mischief]
 35702 | Swamp:3  | XOM: fake destruction
 35808 | Swamp:3  | XOM: mild Hex miscast
 35912 | Swamp:3  | Noticed Donald
 35913 | Swamp:3  | XOM: enchant monster (good)
 35917 | Swamp:3  | XOM: potion effect (brilliance)
 35945 | Swamp:3  | XOM: confuse monster(s)
 35953 | Swamp:3  | Killed Donald
 36014 | Swamp:3  | Found a snail-covered altar of Cheibriados.
 36078 | Swamp:3  | XOM: enchant monster (bad)
 36091 | Swamp:3  | XOM: summons 5 friendly demons
 36143 | Swamp:3  | Gained mutation: You tend to lose your temper in combat. [mutagenic meat]
 36144 | Swamp:3  | Lost mutation: You are very clumsy. (Dex -4) [mutagenic meat]
 36145 | Swamp:3  | Gained mutation: You have a beak for a mouth. [mutagenic meat]
 36146 | Swamp:3  | Gained mutation: You are very frail (-20% HP). [mutagenic meat]
 36150 | Swamp:3  | Lost mutation: You are partially covered in icy blue scales (AC +1). [mutagenic meat]
 36151 | Swamp:3  | Lost mutation: You tend to lose your temper in combat. [mutagenic meat]
 36154 | Swamp:3  | Lost mutation: Your spells are a little harder to cast, but a little more powerful. [mutagenic meat]
 36155 | Swamp:3  | Lost mutation: You are very frail (-20% HP). [mutagenic meat]
 36171 | Swamp:3  | XOM: mild Pois miscast
 36194 | Swamp:3  | XOM: mild Hex miscast
 36216 | Swamp:3  | XOM: medium Tloc miscast
 36239 | Swamp:3  | Got a steaming scale mail
 36240 | Swamp:3  | Identified the +10 scale mail of the Storm King {Str+2 Slay+3} (You found it on level 3 of the Swamp)
 36256 | Swamp:3  | XOM: noise
 36276 | Swamp:3  | Reached skill level 1 in Translocations
 36278 | Swamp:3  | XOM: polymorph slime creature -> alligator
 36319 | Swamp:3  | XOM: give mutation
 36319 | Swamp:3  | Lost mutation: You are frail (-10% HP). [Xom's mischief]
 36678 | Swamp:4  | Entered Level 4 of the Swamp
 36872 | Swamp:4  | XOM: 2-stop teleportation journey
 36930 | Swamp:4  | XOM: mild Conj miscast
 36994 | Swamp:4  | XOM: polymorph swamp worm -> great orb of eyes
 37161 | Swamp:4  | XOM: confusion (+ monsters)
 37174 | Swamp:4  | XOM: polymorph slime creature -> anaconda
 37176 | Swamp:4  | XOM: polymorph anaconda -> alligator
 37185 | Swamp:4  | XOM: fog
 37188 | Swamp:4  | XOM: enchant monster (bad)
 37201 | Swamp:4  | XOM: mild Necr miscast
 37209 | Swamp:4  | XOM: confusion
 37211 | Swamp:4  | XOM: summons 12 friendly demons
 37212 | Swamp:4  | XOM: blink monster(s)
 37213 | Swamp:4  | XOM: noise
 37221 | Swamp:4  | XOM: blink monster(s)
 37252 | Swamp:4  | Reached XP level 18. HP: 72/112 MP: 12/30
 37333 | Swamp:4  | Got a decaying rune of Zot
 37378 | Swamp:4  | XOM: enchant monster (good)
 37396 | Swamp:4  | XOM: cast spell 'Call Canine Familiar'
 37398 | Swamp:4  | XOM: summons 5 friendly demons
 37434 | Swamp:4  | Gained mutation: You are very clumsy. (Dex -4) [mutagenic meat]
 37437 | Swamp:4  | Gained mutation: Your body sometimes deteriorates upon taking damage. [mutagenic meat]
 37438 | Swamp:4  | Gained mutation: Armour fits poorly on your strangely shaped body. [mutagenic meat]
 37439 | Swamp:4  | Lost mutation: You are partially covered in yellow scales (AC +2). [mutagenic meat]
 37441 | Swamp:4  | Lost mutation: You are dopey. (Int -2) [mutagenic meat]
 37442 | Swamp:4  | Gained mutation: You are dopey. (Int -2) [mutagenic meat]
 37443 | Swamp:4  | Gained mutation: You are frail (-10% HP). [mutagenic meat]
 37499 | Swamp:4  | XOM: harmless Trmt miscast
 37718 | Swamp:4  | XOM: mild Divn miscast
 37941 | Snake:1  | Entered Level 1 of the Snake Pit
 38147 | Snake:1  | XOM: enchant monster (good)
 38157 | Snake:1  | XOM: enchant monster (bad)
 38206 | Snake:1  | XOM: swap monsters
 38212 | Snake:1  | XOM: confuse monster(s)
 38271 | Snake:1  | Gained mutation: Your body often deteriorates upon taking damage. [mutagenic meat]
 38281 | Snake:1  | XOM: 5-stop teleportation journey
 38290 | Snake:1  | XOM: swap monsters
 38310 | Snake:1  | XOM: vitrification
 38381 | Snake:1  | XOM: confuse monster(s)
 38394 | Snake:1  | XOM: summons friendly ufetubus
 38400 | Snake:1  | XOM: noise
 38417 | Snake:1  | XOM: noise
 38423 | Snake:1  | XOM: divination: magic mapping
 38427 | Snake:1  | XOM: snakes to sticks
 38490 | Snake:1  | XOM: polymorph black mamba -> jumping spider
 38530 | Snake:1  | XOM: cast spell 'Warp Weapon'
 38588 | Snake:1  | XOM: harmless Conj miscast
 38647 | Snake:1  | XOM: harmless Pois miscast
 38730 | Snake:1  | XOM: medium Divn miscast
 38873 | Snake:2  | XOM: confuse monster(s)
 38914 | Snake:2  | XOM: divination: magic mapping
 38976 | Snake:2  | XOM: polymorph salamander -> deep troll
 38978 | Snake:2  | XOM: cast spell 'Summon Dragon'
 38999 | Snake:2  | XOM: harmless Conj miscast
 39066 | Snake:2  | XOM: 1-stop teleportation journey
 39158 | Snake:2  | Reached skill level 15 in Fighting
 39513 | Snake:2  | XOM: cast spell 'Death Channel'
 39541 | Snake:3  | Found Susei's Book Shoppe.
 39678 | Snake:3  | XOM: enchant monster (good)
 39794 | Snake:3  | XOM: polymorph naga mage -> spiny frog
 39824 | Snake:3  | XOM: summons 3 friendly demons
 39873 | Snake:3  | XOM: 8-stop teleportation journey
 39908 | Snake:3  | XOM: give mutations
 39908 | Snake:3  | Gained mutation: You are partially covered in yellow scales (AC +2). [Xom's grace]
 39908 | Snake:3  | Gained mutation: You are covered in fur (AC +1). [Xom's grace]
 39908 | Snake:3  | Lost mutation: You are dopey. (Int -2) [Xom's grace]
 39908 | Snake:3  | Gained mutation: You are partially covered in thin metallic scales (AC +2). [Xom's grace]
 39972 | Snake:3  | XOM: divination: magic mapping
 40258 | Snake:3  | XOM: scenery: create altars
 40381 | Snake:4  | Entered Level 4 of the Snake Pit
 40526 | Snake:4  | Reached skill level 10 in Shields
 40598 | Snake:4  | XOM: 2-stop teleportation journey
 40658 | Snake:4  | XOM: summons 4 friendly demons
 40659 | Snake:4  | Reached XP level 19. HP: 111/111 MP: 31/31
 40688 | Snake:4  | XOM: polymorph naga -> water moccasin
 40704 | Snake:4  | Gained mutation: Your spells are a little easier to cast, but a little less powerful. [mutagenic meat]
 40708 | Snake:4  | Lost mutation: You are occasionally teleported next to monsters. [mutagenic meat]
 40833 | Snake:4  | XOM: 5-stop teleportation journey
 40852 | Snake:4  | XOM: enchant monster (good)
 40896 | Snake:4  | XOM: summons friendly iron imp
 40901 | Snake:4  | XOM: snakes to sticks
 40958 | Snake:4  | XOM: divination: detect creatures
 40977 | Snake:4  | XOM: polymorph naga warrior -> glowing shapeshifter
 40990 | Snake:4  | XOM: harmless Necr miscast
 41020 | Snake:4  | XOM: enchant monster (bad)
 41081 | Snake:4  | Lost mutation: You are very clumsy. (Dex -4) [mutagenic meat]
 41119 | Snake:4  | XOM: summons friendly quasit
 41137 | Snake:4  | XOM: swap monsters
 41169 | Snake:4  | XOM: mild Erth miscast
 41178 | Snake:4  | XOM: blink monster(s)
 41195 | Snake:4  | XOM: summons 11 friendly demons
 41202 | Snake:4  | XOM: polymorph naga -> human
 41203 | Snake:4  | XOM: blink monster(s)
 41309 | Snake:4  | XOM: harmless Trmt miscast
 41383 | Snake:4  | XOM: summons friendly shadow imp
 41386 | Snake:4  | XOM: medium Ice miscast
 41404 | Snake:4  | XOM: summons friendly quasit
 41460 | Snake:4  | Lost mutation: Armour fits poorly on your strangely shaped body. [mutagenic meat]
 41461 | Snake:4  | Lost mutation: You are frail (-10% HP). [mutagenic meat]
 41462 | Snake:4  | Gained mutation: You are partially covered in icy blue scales (AC +1). [mutagenic meat]
 41463 | Snake:4  | Gained mutation: You occasionally shout uncontrollably at your foes. [mutagenic meat]
 41464 | Snake:4  | Gained mutation: You have a pair of small horns on your head. [mutagenic meat]
 41522 | Snake:4  | Got a serpentine rune of Zot
 41576 | Snake:4  | Upgraded the game from 0.18-a0-750-g37044d6 to 0.18-a0-775-g4d9e04e
 41626 | Snake:3  | XOM: vitrification
 41637 | Snake:3  | XOM: scenery: 1 doors open
 41772 | Lair:1   | XOM: summons 1 hostile demon
 41791 | D:8      | XOM: summons 3 hostile demons
 41903 | Elf:1    | Entered Level 1 of the Elven Halls
 41907 | Elf:1    | XOM: confuse monster(s)
 41909 | Elf:1    | XOM: cast spell 'Warp Weapon'
 41910 | Elf:1    | XOM: divination: detect creatures
 41946 | Elf:1    | XOM: noise
 42001 | Elf:1    | XOM: harmless Summ miscast
 42014 | Elf:1    | XOM: divination: detect items
 42029 | Elf:1    | XOM: summons friendly crimson imp
 42031 | Elf:1    | XOM: confuse monster(s)
 42098 | Elf:1    | Identified the Volume of Summoning
 42103 | Elf:1    | Learned a level 1 spell: Summon Butterflies
 42160 | Elf:1    | Found Vumeatt's Assorted Antiques.
 42170 | Elf:1    | Bought a pair of embroidered boots for 94 gold pieces
 42281 | Elf:1    | XOM: noise
 42514 | Elf:1    | XOM: harmless Chrm miscast
 42517 | Elf:1    | XOM: blink monster(s)
 42550 | Elf:1    | XOM: summons 2 hostile shadow creatures
 42591 | Elf:1    | XOM: silly message
 42644 | Elf:1    | XOM: noise
 42691 | Elf:1    | XOM: cast spell 'Ice Form'
 42779 | Elf:1    | XOM: repel stairs
 42962 | Elf:2    | XOM: blink monster(s)
 43130 | Elf:2    | Reached skill level 15 in Shields
 43189 | Elf:2    | XOM: 9-stop teleportation journey
 43194 | Elf:2    | XOM: confuse monster(s)
 43197 | Elf:2    | XOM: confuse monster(s)
 43199 | Elf:2    | Reached skill level 1 in Air Magic
 43213 | Elf:2    | Found a runed gate.
 43213 | Elf:2    | Found a runed gate.
 43213 | Elf:2    | Found a runed gate.
 43217 | Elf:2    | XOM: divination: detect creatures
 43268 | Elf:2    | XOM: god gift: 18 gold pieces
 43565 | Elf:2    | XOM: destruction
 43577 | Elf:2    | Reached XP level 20. HP: 129/129 MP: 32/32
 43608 | Elf:2    | XOM: confuse monster(s)
 43656 | Elf:2    | XOM: summons 2 friendly demons
 43692 | Elf:2    | XOM: polymorph ufetubus -> white imp
 43844 | Elf:2    | XOM: cast spell 'Spider Form'
 43888 | Elf:2    | Reached skill level 5 in Air Magic
 43888 | Elf:2    | XOM: polymorph ice beast -> mottled dragon
 44051 | Elf:3    | Entered Level 3 of the Elven Halls
 44123 | Elf:3    | XOM: vitrification
 44198 | Elf:3    | Found Myossyar's General Store.
 44473 | Elf:3    | XOM: cast spell 'Warp Weapon'
 44533 | Elf:3    | XOM: cast spell 'Summon Horrible Things'
 44620 | Elf:3    | XOM: cast spell 'Warp Weapon'
 44641 | Elf:3    | XOM: 3-stop teleportation journey
 44768 | Elf:3    | XOM: draining
 44769 | Elf:3    | XOM: noise
 44775 | Elf:3    | XOM: chaos upgrade
 44777 | Elf:3    | XOM: polymorph something unseen -> harpy
 44901 | Elf:3    | XOM: divine lightning
 44903 | Elf:3    | XOM: confusion (+ monsters)
 45077 | Elf:3    | XOM: blink monster(s)
 45094 | Elf:3    | XOM: confusion (+ monsters)
 45177 | Elf:3    | XOM: harmless Conj miscast
 45251 | Elf:3    | XOM: colour smoke trail
 45293 | Elf:3    | XOM: noise
 45300 | Elf:3    | XOM: enchant monster (bad)
 45301 | Elf:3    | XOM: confusion
 45306 | Elf:3    | XOM: noise
 45311 | Elf:3    | XOM: enchant monster (good)
 45641 | Elf:3    | XOM: harmless Pois miscast
 45662 | Elf:3    | XOM: blink monster(s)
 45663 | Elf:3    | XOM: summons 5 hostile shadow creatures
 45739 | Elf:3    | Identified the Collected Works on Talismans
 45797 | Elf:3    | XOM: enchant monster (bad)
 45815 | Elf:3    | Reached skill level 10 in Air Magic
 45913 | Elf:3    | XOM: summons 4 hostile shadow creatures
 45915 | Elf:3    | XOM: chaos upgrade
 45997 | Elf:3    | XOM: cast spell 'Disjunction'
 46001 | Elf:3    | XOM: swap monsters
 46004 | Elf:3    | XOM: destruction
 46019 | Elf:3    | XOM: divination: detect creatures
 46020 | Elf:3    | XOM: polymorph deep elf sorcerer -> catoblepas
 46043 | Elf:3    | Reached XP level 21. HP: 65/134 MP: 23/33
 46137 | Elf:3    | Got a heavily runed lead amulet
 46138 | Elf:3    | Identified the amulet "Moad Orgh" {Clar rElec MP+9 SInv} (You found it on level 3 of the Elven Halls)
 46202 | Elf:3    | XOM: divination: detect creatures
 46218 | Elf:3    | XOM: potion effect (heal wounds)
 46234 | Elf:3    | XOM: harmless Trmt miscast
 46258 | Elf:3    | XOM: harmless Conj miscast
 46279 | Elf:3    | Identified a +6 rod of shadows (11/11) (You took it off a deep elf death mage on level 3 of the Elven Halls)
 46338 | Elf:3    | Reached XP level 22. HP: 121/140 MP: 34/34
 46355 | Elf:3    | XOM: divination: detect creatures
 46395 | Elf:3    | XOM: god gift: potion of might
 46634 | Orc:3    | XOM: colour smoke trail
 46775 | Lair:1   | Learned a level 6 spell: Freezing Cloud
 46901 | Vaults:1 | Entered Level 1 of the Vaults
 46979 | Vaults:1 | Reached skill level 1 in Conjurations
 46979 | Vaults:1 | Reached skill level 1 in Ice Magic
 47080 | Vaults:1 | XOM: summons 3 friendly demons
 47119 | Vaults:1 | Found Ditteny's Magic Scroll Emporium.
 47195 | Vaults:1 | XOM: blink monster(s)
 47214 | Vaults:1 | XOM: divination: detect items
 47259 | Vaults:1 | XOM: 2-stop teleportation journey
 47374 | Vaults:1 | XOM: severe Tloc miscast
 47374 | Vaults:1 | Cast into level 4 of the Abyss (the severe capriciousness of Xom)
 47413 | Abyss:4  | XOM: noise
 47446 | Abyss:4  | XOM: cast spell 'Spider Form'
 47452 | Abyss:4  | Reached skill level 5 in Conjurations
 47457 | Abyss:4  | XOM: potion effect (heal wounds)
 47478 | Abyss:4  | Noticed an ancient lich
 47480 | Abyss:4  | XOM: potion effect (berserk rage)
 47495 | Abyss:4  | XOM: potion effect (haste)
 47511 | Abyss:4  | XOM: divination: detect creatures
 47536 | Abyss:4  | XOM: potion effect (brilliance)
 47539 | Abyss:4  | XOM: silly message
 47649 | Abyss:4  | Reached skill level 5 in Ice Magic
 47680 | Abyss:4  | Paralysed by accursed screaming for 1 turns
 47687 | Abyss:4  | Paralysed by accursed screaming for 2 turns
 47692 | Abyss:4  | XOM: potion effect (curing)
 47735 | Abyss:4  | XOM: harmless Air miscast
 47824 | Abyss:4  | XOM: fog
 47872 | Abyss:4  | Found a viscous altar of Jiyva.
 47897 | Abyss:4  | Paralysed by accursed screaming for 2 turns
 47905 | Abyss:4  | Paralysed by accursed screaming for 2 turns
 47908 | Abyss:4  | XOM: summons friendly crimson imp
 47914 | Abyss:4  | Paralysed by accursed screaming for 2 turns
 47915 | Abyss:4  | XOM: destruction
 47924 | Abyss:4  | Paralysed by accursed screaming for 2 turns
 47928 | Abyss:4  | Paralysed by accursed screaming for 2 turns
 47930 | Abyss:4  | HP: 2/126 [starcursed mass/accursed screaming (19)]
 47983 | Abyss:4  | XOM: cast spell 'Shadow Creatures'
 47995 | Abyss:4  | XOM: smoke on damage
 47996 | Abyss:4  | XOM: destruction
 48076 | Abyss:4  | XOM: summons 8 friendly demons
 48081 | Abyss:4  | XOM: destruction
 48105 | Abyss:4  | XOM: noise
 48126 | Abyss:4  | Paralysed by a giant eyeball for 3 turns
 48156 | Abyss:4  | Gained mutation: You are frail (-10% HP). [a neqoxec]
 48157 | Abyss:4  | XOM: enchant monster (bad)
 48161 | Abyss:4  | XOM: mild Chrm miscast
 48269 | Abyss:4  | XOM: smoke on damage
 48282 | Abyss:4  | XOM: polymorph large abomination -> flayed ghost
 48285 | Abyss:4  | XOM: confuse monster(s)
 48299 | Abyss:4  | Found a shadowy altar of Dithmenos.
 48320 | Abyss:4  | XOM: mild Pois miscast
 48341 | Abyss:4  | Gained mutation: You are very frail (-20% HP). [a neqoxec]
 48346 | Abyss:4  | Gained mutation: You are extremely frail (-30% HP). [a neqoxec]
 48356 | Abyss:4  | XOM: destruction
 48360 | Abyss:4  | XOM: destruction
 48364 | Abyss:4  | XOM: summons friendly ufetubus
 48371 | Abyss:4  | XOM: divination: detect creatures
 48383 | Abyss:4  | XOM: divination: detect creatures
 48384 | Abyss:4  | Noticed a caustic shrike
 48436 | Vaults:1 | Escaped the Abyss
 48503 | Vaults:1 | Lost mutation: Your body often deteriorates upon taking damage. [mutagenic meat]
 48504 | Vaults:1 | Lost mutation: Your body sometimes deteriorates upon taking damage. [mutagenic meat]
 48771 | Vaults:1 | XOM: mild Necr miscast
 48918 | Vaults:1 | Noticed Saint Roka
 48935 | Vaults:1 | Killed Saint Roka
 49106 | Vaults:1 | XOM: colour smoke trail
 49259 | Vaults:1 | XOM: silly message
 49493 | Vaults:2 | Reached XP level 23. HP: 100/100 MP: 35/35
 49578 | Vaults:2 | XOM: confuse monster(s)
 49591 | Vaults:2 | XOM: cast spell 'Olgreb's Toxic Radiance'
 49616 | Vaults:2 | XOM: god gift: buckler {god gift}
 49624 | Vaults:2 | Lost mutation: You occasionally shout uncontrollably at your foes. [mutagenic meat]
 49779 | Vaults:2 | XOM: divination: magic mapping
 49805 | Vaults:2 | Lost mutation: Your spells are a little easier to cast, but a little less powerful. [mutagenic meat]
 49844 | Vaults:2 | Reached skill level 10 in Conjurations
 49851 | Vaults:2 | XOM: 1-stop teleportation journey
 49926 | Vaults:2 | XOM: summons friendly iron imp
 49932 | Vaults:2 | XOM: cast spell 'Summon Horrible Things'
 49956 | Vaults:2 | Lost mutation: You are covered in fur (AC +1). [mutagenic meat]
 50020 | Vaults:2 | XOM: mild Necr miscast
 50061 | Vaults:2 | Lost mutation: You have a pair of small horns on your head. [mutagenic meat]
 50063 | Vaults:2 | Gained mutation: You are very clumsy. (Dex -4) [mutagenic meat]
 50064 | Vaults:2 | Lost mutation: You are very clumsy. (Dex -4) [mutagenic meat]
 50069 | Vaults:2 | Gained mutation: You can translocate small distances at will. [mutagenic meat]
 50070 | Vaults:2 | Lost mutation: You are partially covered in yellow scales (AC +2). [mutagenic meat]
 50080 | Vaults:2 | XOM: noise
 50141 | Vaults:2 | XOM: give mutations
 50141 | Vaults:2 | Gained mutation: You regenerate slowly when monsters are visible. [Xom's mischief]
 50141 | Vaults:2 | Gained mutation: Your mind is acute. (Int +2) [Xom's mischief]
 50141 | Vaults:2 | Lost mutation: You can translocate small distances at will. [Xom's mischief]
 50141 | Vaults:2 | Lost mutation: You are extremely frail (-30% HP). [Xom's mischief]
 50169 | Vaults:2 | XOM: noise
 50339 | Vaults:2 | XOM: potion effect (invisibility)
 50361 | Vaults:2 | XOM: confuse monster(s)
 50467 | Vaults:3 | XOM: noise
 50480 | Vaults:3 | XOM: enchant monster (bad)
 50576 | Vaults:3 | Reached skill level 10 in Ice Magic
 50585 | Vaults:3 | XOM: harmless Tloc miscast
 50593 | Vaults:3 | XOM: noise
 50622 | Vaults:3 | XOM: colour smoke trail
 50685 | Vaults:3 | Gained mutation: Armour fits poorly on your strangely shaped body. [mutagenic meat]
 50726 | Vaults:3 | XOM: colour smoke trail
 50811 | Vaults:3 | Found a staircase to the Crypt.
 50815 | Vaults:3 | Noticed Mara
 50819 | Vaults:3 | Noticed ThermosAquaticus's illusion
 50823 | Vaults:3 | XOM: summons 7 hostile demons
 50916 | Vaults:3 | Noticed Asterion
 50957 | Vaults:3 | XOM: silly message
 51039 | Vaults:3 | Noticed Mennas
 51060 | Vaults:3 | XOM: summons 3 hostile shadow creatures
 51062 | Vaults:3 | XOM: polymorph brown ugly thing -> queen ant
 51096 | Vaults:3 | XOM: destruction
 51109 | Vaults:3 | XOM: polymorph Mara -> Mara
 51110 | Vaults:3 | Noticed ThermosAquaticus's illusion
 51131 | Vaults:3 | XOM: summons 2 friendly demons
 51150 | Vaults:3 | XOM: confuse monster(s)
 51478 | Vaults:3 | Noticed Norris
 51482 | Vaults:3 | XOM: fog
 51512 | Vaults:3 | XOM: divine lightning (protected)
 51532 | Vaults:3 | Killed Norris
 51534 | Vaults:3 | XOM: enchant monster (good)
 51549 | Vaults:3 | Your ally died
 51552 | Vaults:3 | Got a blackened shield
 51563 | Vaults:3 | Identified the +0 shield of the Dwarven Hall {*Confuse rElec rC+ Int+7} (You took it off Asterion on level 3 of the Vaults)
 51651 | Vaults:3 | XOM: enchant monster (good)
 51660 | Vaults:3 | XOM: summons 2 friendly demons
 51662 | Vaults:3 | XOM: summons 3 friendly demons
 51677 | Vaults:3 | XOM: polymorph white imp -> crimson imp
 51708 | Vaults:3 | Killed Mennas
 51747 | Vaults:3 | Noticed ThermosAquaticus's illusion
 51763 | Vaults:3 | XOM: 1-stop teleportation journey
 51816 | Vaults:3 | XOM: confuse monster(s)
 51841 | Vaults:3 | XOM: silly message
 51946 | Vaults:3 | Gained mutation: You are very clumsy. (Dex -4) [mutagenic meat]
 51952 | Vaults:3 | Gained mutation: Scrolls take you a little longer to read. [mutagenic meat]
 52004 | Vaults:3 | XOM: cast spell 'Spider Form'
 52139 | Vaults:3 | XOM: noise
 52182 | Vaults:3 | XOM: cast spell 'Summon Swarm'
 52183 | Vaults:3 | Noticed ThermosAquaticus's illusion
 52222 | Vaults:3 | Upgraded the game from 0.18-a0-775-g4d9e04e to 0.18-a0-801-gb01a236
 52254 | Vaults:4 | Lost mutation: You are very clumsy. (Dex -4) [mutagenic meat]
 52256 | Vaults:4 | Lost mutation: You are clumsy. (Dex -2) [mutagenic meat]
 52428 | Vaults:4 | Lost mutation: Scrolls take you a little longer to read. [mutagenic meat]
 52430 | Vaults:4 | Lost mutation: Armour fits poorly on your strangely shaped body. [mutagenic meat]
 52431 | Vaults:4 | Lost mutation: You are partially covered in thin metallic scales (AC +2). [mutagenic meat]
 52611 | Vaults:4 | XOM: summons friendly ufetubus
 52642 | Vaults:4 | XOM: noise
 52703 | Vaults:4 | XOM: potion effect (invisibility)
 52707 | Vaults:4 | XOM: divination: magic mapping
 52784 | Vaults:4 | Learned a level 1 spell: Apportation
 52871 | Vaults:4 | Noticed Aizul
 52871 | Vaults:4 | XOM: blink monster(s)
 52872 | Vaults:4 | XOM: harmless Necr miscast
 52876 | Vaults:4 | XOM: enchant monster (bad)
 52901 | Vaults:4 | XOM: mild Pois miscast
 52904 | Vaults:4 | Killed Aizul
 52999 | Vaults:4 | XOM: harmless Necr miscast
 53003 | Vaults:4 | Reached XP level 24. HP: 53/120 MP: 30/35
 53026 | Vaults:4 | XOM: mild Conj miscast
 53049 | Vaults:4 | XOM: potion effect (berserk rage)
 53058 | Vaults:4 | XOM: mild Pois miscast
 53164 | Vaults:4 | XOM: mild Chrm miscast
 53206 | Vaults:4 | Lost mutation: You are very frail (-20% HP). [mutagenic meat]
 53209 | Vaults:4 | Lost mutation: Your mind is acute. (Int +2) [mutagenic meat]
 53433 | Vaults:4 | Found Rotam's Weapon Boutique.
 53544 | Vaults:3 | Noticed ThermosAquaticus's illusion
 53548 | Vaults:3 | XOM: noise
 53550 | Vaults:3 | Killed Mara
 53556 | Vaults:3 | XOM: cast spell 'Conjure Ball Lightning'
 53894 | D:14     | XOM: scenery: 2 doors close
 53909 | D:15     | XOM: silly message
 53960 | Depths:1 | Entered Level 1 of the Depths
 53981 | Depths:1 | Lost mutation: You regenerate slowly when monsters are visible. [mutagenic meat]
 54000 | Depths:1 | XOM: god gift: phantom mirror
 54012 | Depths:1 | XOM: fake destruction
 54106 | Depths:1 | XOM: confuse monster(s)
 54116 | Depths:1 | XOM: mild Summ miscast
 54122 | Depths:1 | XOM: enchant monster (good)
 54124 | Depths:1 | XOM: enchant monster (good)
 54252 | Depths:1 | XOM: cast spell 'Cause Fear'
 54261 | Depths:1 | XOM: mild Fire miscast
 54534 | Depths:1 | XOM: divination: detect creatures
 54554 | Depths:1 | XOM: potion effect (might)
 54590 | Depths:1 | Found a gateway to Hell.
 54729 | Depths:1 | Found a one-way gate to the infinite horrors of the Abyss.
 54753 | Depths:1 | XOM: summons 2 friendly demons
 54762 | Depths:1 | XOM: harmless Summ miscast
 54774 | Depths:1 | XOM: summons friendly crimson imp
 54780 | Depths:1 | XOM: divination: detect items
 54848 | Depths:1 | XOM: summons 6 friendly demons
 54879 | Depths:1 | Gained mutation: You are partially covered in rugged brown scales (AC +1, +3% HP). [mutagenic meat]
 54881 | Depths:1 | Gained mutation: You occasionally shout uncontrollably at your foes. [mutagenic meat]
 54882 | Depths:1 | Lost mutation: You are frail (-10% HP). [mutagenic meat]
 54883 | Depths:1 | Lost mutation: You occasionally shout uncontrollably at your foes. [mutagenic meat]
 54929 | Depths:1 | Found a one-way gate leading to the halls of Pandemonium.
 55055 | Depths:1 | Upgraded the game from 0.18-a0-801-gb01a236 to 0.18-a0-816-g97f838e
 55101 | Depths:2 | XOM: confuse monster(s)
 55119 | Depths:2 | XOM: god gift: phantom mirror
 55249 | Depths:2 | Reached skill level 10 in Spellcasting
 55267 | Depths:2 | XOM: noise
 55279 | Depths:2 | XOM: blink monster(s)
 55298 | Depths:2 | XOM: blink monster(s)
 55456 | Depths:2 | XOM: 1-stop teleportation journey
 55479 | Depths:2 | XOM: harmless Air miscast
 55517 | Depths:2 | XOM: divination: magic mapping
 55534 | Depths:2 | XOM: cast spell 'Metabolic Englaciation'
 55545 | Depths:2 | XOM: summons friendly iron imp
 55567 | Depths:2 | Reached XP level 25. HP: 64/159 MP: 28/38
 55676 | Depths:2 | XOM: god gift: 12 poisoned arrows
 55822 | Depths:2 | XOM: summons 9 friendly demons
 55824 | Depths:2 | XOM: confuse monster(s)
 55838 | Depths:2 | XOM: enchant monster (good)
 55841 | Depths:2 | XOM: enchant monster (good)
 55844 | Depths:2 | XOM: medium Tloc miscast
 55847 | Depths:2 | XOM: 1-stop teleportation journey
 55881 | Depths:2 | XOM: give mutations
 55881 | Depths:2 | Gained mutation: Your body sometimes deteriorates upon taking damage. [Xom's mischief]
 55881 | Depths:2 | Lost mutation: Your body sometimes deteriorates upon taking damage. [Xom's mischief]
 55881 | Depths:2 | Gained mutation: You occasionally shout uncontrollably at your foes. [Xom's mischief]
 55888 | Depths:2 | XOM: polymorph tengu conjurer -> golden eye
 55892 | Depths:2 | Cast into level 2 of the Abyss (hell knight)
 55900 | Depths:2 | Escaped the Abyss
 56064 | Depths:2 | XOM: harmless Air miscast
 56072 | Depths:2 | XOM: destruction
 56073 | Depths:2 | XOM: blink monster(s)
 56074 | Depths:2 | XOM: cast spell 'Summon Small Mammal'
 56116 | Depths:2 | XOM: 2-stop teleportation journey
 56135 | Depths:2 | XOM: polymorph rakshasa -> hell hog
 56201 | Depths:2 | XOM: colour smoke trail
 56367 | Depths:2 | XOM: enchant monster (bad)
 56616 | Depths:2 | Gained mutation: Your flesh is cold resistant. [mutagenic meat]
 56620 | Depths:2 | Gained mutation: Your flesh is very cold resistant. [mutagenic meat]
 56621 | Depths:2 | Gained mutation: You are frail (-10% HP). [mutagenic meat]
 56622 | Depths:2 | Gained mutation: You are partially covered in iridescent scales (AC +4). [mutagenic meat]
 56663 | Depths:2 | XOM: draining
 56756 | Depths:2 | Lost mutation: You are partially covered in icy blue scales (AC +1). [mutagenic meat]
 56767 | Depths:2 | Found a gateway to a ziggurat.
 56861 | Depths:2 | XOM: harmless Conj miscast
 56931 | Depths:3 | XOM: fog
 56990 | Depths:3 | XOM: fake destruction
 57205 | Depths:3 | XOM: destruction
 57352 | Depths:3 | XOM: give mutation
 57352 | Depths:3 | Gained mutation: Your spells are a little harder to cast, but a little more powerful. [Xom's grace]
 57385 | Depths:3 | XOM: fog
 57410 | Depths:3 | XOM: swap monsters
 57459 | Depths:3 | XOM: medium Trmt miscast
 57522 | Depths:3 | Reached skill level 10 in Dodging
 57526 | Depths:3 | XOM: polymorph white ugly thing -> minotaur
 57545 | Depths:3 | Gained mutation: You are weak. (Str -2) [mutagenic meat]
 57546 | Depths:3 | Gained mutation: Your natural rate of healing is unusually fast. [mutagenic meat]
 57547 | Depths:3 | Lost mutation: You are frail (-10% HP). [mutagenic meat]
 57548 | Depths:3 | Gained mutation: You can translocate small distances at will. [mutagenic meat]
 57550 | Depths:3 | Lost mutation: You occasionally shout uncontrollably at your foes. [mutagenic meat]
 57711 | Depths:3 | XOM: enchant monster (good)
 57884 | Depths:3 | XOM: swap monsters
 57892 | Depths:3 | XOM: potion effect (berserk rage)
 57932 | Depths:3 | XOM: enchant monster (good)
 57938 | Depths:3 | XOM: summons 5 hostile demons
 58033 | Depths:3 | XOM: silly message
 58059 | Depths:3 | XOM: mild Fire miscast
 58060 | Depths:3 | XOM: draining
 58069 | Depths:3 | XOM: confusion
 58082 | Depths:3 | XOM: confuse monster(s)
 58213 | Depths:3 | XOM: mild Ice miscast
 58332 | Depths:3 | XOM: blink monster(s)
 58457 | Depths:3 | XOM: god gift: 15 gold pieces
 58541 | Depths:3 | XOM: scenery: 1 doors close
 58576 | Depths:4 | Noticed Xtahua
 58589 | Depths:4 | XOM: summons 10 friendly demons
 58592 | Depths:4 | Killed Xtahua
 58745 | Depths:4 | Reached XP level 26. HP: 164/164 MP: 37/38
 58788 | Depths:4 | Noticed Sojobo
 58813 | Depths:4 | Killed Sojobo
 59031 | Depths:4 | XOM: summons 16 friendly demons
 59084 | Depths:4 | XOM: summons 2 hostile shadow creatures
 59179 | Depths:4 | XOM: enchant monster (good)
 59180 | Depths:4 | XOM: fog
 59196 | Depths:4 | XOM: confuse monster(s)
 59208 | Depths:4 | XOM: harmless Divn miscast
 59220 | Depths:4 | XOM: summons 3 friendly demons
 59308 | Depths:4 | Noticed Jorgrun
 59316 | Depths:4 | Killed Jorgrun
 59429 | Depths:4 | XOM: severe Hex miscast
 59444 | Depths:4 | XOM: harmless Fire miscast
 59452 | Depths:4 | XOM: give mutation
 59452 | Depths:4 | Gained mutation: You are resistant to hostile enchantments. [Xom's grace]
 59554 | Depths:4 | XOM: confuse monster(s)
 59644 | Depths:4 | XOM: scenery: 1 doors close
 59769 | Depths:4 | Found a glowing silver altar of Zin.
 59804 | Depths:4 | XOM: god gift: dented blue amulet {god gift}
 60214 | Depths:5 | Entered Level 5 of the Depths
 60248 | Depths:5 | XOM: cast spell 'Summon Horrible Things'
 60279 | Depths:5 | XOM: confuse monster(s)
 60283 | Depths:5 | XOM: 7-stop teleportation journey
 60325 | Depths:5 | XOM: summons friendly iron imp
 60353 | Depths:5 | XOM: summons friendly white imp
 60373 | Depths:5 | XOM: summons friendly soul eater
 60462 | Depths:5 | XOM: 1-stop teleportation journey
 60472 | Depths:5 | Reached skill level 15 in Ice Magic
 60588 | Depths:5 | XOM: enchant monster (bad)
 60682 | Depths:5 | XOM: enchant monster (bad)
 60832 | Depths:5 | Found a gate to the Realm of Zot.
 60846 | Depths:5 | XOM: draining
 60900 | Depths:5 | XOM: chaos upgrade
 60957 | Depths:5 | XOM: harmless Chrm miscast
 61329 | Depths:5 | XOM: noise
 61330 | Depths:5 | XOM: blink monster(s)
 61432 | Depths:5 | XOM: silly message
 61889 | Vaults:5 | Entered Level 5 of the Vaults
 61889 | Vaults:5 | Noticed crawlian's ghost (veteran DEEE)
 61894 | Vaults:5 | XOM: confusion (+ monsters)
 61896 | Vaults:5 | Reached XP level 27. HP: 162/174 MP: 10/38
 61898 | Vaults:5 | XOM: summons 12 hostile demons
 61903 | Vaults:5 | XOM: polymorph vault guard -> death yak
 61906 | Vaults:5 | XOM: medium Pois miscast
 61909 | Vaults:5 | XOM: divination: detect creatures
 61920 | Vaults:5 | XOM: 3-stop teleportation journey
 61920 | Vaults:5 | Reached skill level 17 in Fighting
 61941 | Vaults:5 | XOM: polymorph yaktaur -> salamander
 61981 | Vaults:5 | XOM: potion effect (agility)
 62076 | Vaults:5 | XOM: mild Tloc miscast
 62077 | Vaults:5 | XOM: blink monster(s)
 62106 | Vaults:5 | XOM: destruction
 62135 | Vaults:5 | XOM: 2-stop teleportation journey
 62147 | Vaults:5 | Reached skill level 18 in Fighting
 62152 | Vaults:5 | XOM: summons 3 friendly demons
 62232 | Vaults:5 | XOM: 3-stop teleportation journey
 62233 | Vaults:5 | Noticed an ancient lich
 62248 | Vaults:5 | XOM: silly message
 62258 | Vaults:5 | Killed an ancient lich
 62263 | Vaults:5 | XOM: potion effect (brilliance)
 62298 | Vaults:5 | XOM: divination: magic mapping
 62374 | Vaults:5 | XOM: fake destruction
 62417 | Vaults:5 | Reached skill level 19 in Fighting
 62440 | Vaults:5 | XOM: summons friendly quasit
 62472 | Vaults:5 | XOM: divination: detect creatures
 62544 | Vaults:5 | Identified a scroll of acquirement
 62553 | Vaults:5 | XOM: chaos upgrade
 62713 | Vaults:5 | XOM: enchant monster (bad)
 62740 | Vaults:5 | XOM: potion effect (might)
 62755 | Vaults:5 | XOM: potion effect (heal wounds)
 62776 | Vaults:5 | Reached skill level 20 in Fighting
 62783 | Vaults:5 | XOM: harmless Tloc miscast
 62808 | Vaults:5 | XOM: potion effect (experience)
 62833 | Vaults:5 | Killed crawlian's ghost
 62850 | Vaults:5 | Got a silver rune of Zot
 62863 | Vaults:5 | Got a slimy scale mail
 62864 | Vaults:5 | Identified the +3 scale mail "Opauheffo" {Int+4} (You found it on level 5 of the Vaults)
 62924 | Vaults:5 | XOM: harmless Hex miscast
 62926 | Vaults:5 | XOM: potion effect (might)
 62928 | Vaults:5 | XOM: potion effect (heal wounds)
 62934 | Vaults:5 | Reached skill level 21 in Fighting
 62956 | Vaults:5 | XOM: divination: detect items
 63179 | Vaults:5 | XOM: divination: detect creatures
 63230 | Vaults:5 | XOM: harmless Pois miscast
 63238 | Vaults:5 | XOM: silly message
 63241 | Vaults:5 | XOM: potion effect (might)
 63242 | Vaults:5 | XOM: silly message
 63326 | Vaults:5 | XOM: harmless Air miscast
 63328 | Vaults:5 | Reached skill level 15 in Armour
 63480 | Vaults:5 | Found Ryemir's Gadget Emporium.
 63547 | Vaults:5 | XOM: potion effect (invisibility)
 63562 | Vaults:5 | Gained mutation: You have supernaturally acute eyesight. [potion of beneficial mutation]
 63587 | Vaults:5 | Got a flickering copper ring
 63588 | Vaults:5 | Identified the ring of Xidwu {Int+4 SInv} (You found it on level 5 of the Vaults)
 63931 | Vaults:3 | XOM: divination: detect creatures
 63983 | Vaults:3 | XOM: potion effect (berserk rage)
 64432 | Depths:2 | XOM: divination: detect creatures
 64546 | Zot:1    | Entered Level 1 of the Realm of Zot
 64552 | Zot:1    | XOM: cast spell 'Olgreb's Toxic Radiance'
 64559 | Zot:1    | XOM: enchant monster (good)
 64560 | Zot:1    | XOM: polymorph purple draconian annihilator -> sphinx
 64581 | Zot:1    | XOM: blink monster(s)
 64585 | Zot:1    | XOM: harmless Ice miscast
 64589 | Zot:1    | XOM: stat loss: -1 Dex (15/16)
 64593 | Zot:1    | XOM: blink monster(s)
 64596 | Zot:1    | XOM: summons 4 hostile demons
 64641 | Zot:1    | XOM: noise
 64651 | Zot:1    | XOM: silly message
 64669 | Zot:1    | XOM: harmless Conj miscast
 64673 | Zot:1    | XOM: confusion (+ monsters)
 64679 | Zot:1    | XOM: divine lightning
 64799 | Zot:1    | XOM: polymorph purple draconian knight -> death yak
 64805 | Zot:1    | XOM: cast spell 'Summon Swarm'
 64819 | Zot:1    | XOM: enchant monster (bad)
 64821 | Zot:1    | XOM: noise
 64828 | Zot:1    | XOM: summons friendly crimson imp
 65168 | Zot:2    | XOM: cast spell 'Leda's Liquefaction'
 65849 | Zot:2    | XOM: enchant monster (good)
 65852 | Zot:2    | XOM: confuse monster(s)
 66234 | Zot:2    | XOM: polymorph moth of wrath -> komodo dragon
 66235 | Zot:2    | XOM: enchant monster (good)
 66540 | Zot:3    | XOM: polymorph white draconian -> anaconda
 66708 | Zot:3    | Noticed an orb of fire
 66709 | Zot:3    | Noticed an orb of fire
 66715 | Zot:3    | XOM: divination: detect creatures
 66716 | Zot:3    | Lost mutation: You have supernaturally acute eyesight. [an orb of fire]
 66723 | Zot:3    | Gained mutation: You tend to lose your temper in combat. [an orb of fire]
 66724 | Zot:3    | XOM: summons friendly iron imp
 66725 | Zot:3    | Gained mutation: You are frail (-10% HP). [an orb of fire]
 66732 | Zot:3    | Killed an orb of fire
 66739 | Zot:3    | Gained mutation: Potions and wands are less effective at restoring your health. [an orb of fire]
 66747 | Zot:3    | Killed an orb of fire
 66785 | Zot:3    | XOM: enchant monster (good)
 66807 | Zot:3    | XOM: destruction
 66833 | Zot:3    | XOM: fog
 66835 | Zot:3    | XOM: enchant monster (good)
 66839 | Zot:3    | XOM: potion effect (heal wounds)
 66868 | Zot:3    | XOM: divination: magic mapping
 66957 | Zot:3    | XOM: harmless Pois miscast
 67140 | Zot:3    | XOM: 2-stop teleportation journey
 67149 | Zot:3    | XOM: chaos upgrade
 67166 | Zot:3    | XOM: noise
 67167 | Zot:3    | XOM: summons 4 hostile shadow creatures
 67231 | Zot:3    | XOM: harmless Necr miscast
 67237 | Zot:3    | XOM: confusion
 67260 | Zot:3    | XOM: polymorph purple draconian shifter -> acid blob
 67261 | Zot:3    | XOM: enchant monster (bad)
 67824 | Zot:3    | Got a warped chain mail
 67825 | Zot:3    | Identified the cursed +0 chain mail of the Eight Boll Weevils {rF- rC+ Dex+4} (You found it on level 3 of the Realm of Zot)
 67838 | Zot:3    | XOM: mild Summ miscast
 67879 | Zot:3    | XOM: blink monster(s)
 68129 | Zot:3    | XOM: chaos upgrade
 68154 | Zot:3    | XOM: silly message
 68175 | Zot:4    | XOM: destruction
 68221 | Zot:4    | XOM: enchant monster (bad)
 68228 | Zot:4    | XOM: destruction
 68230 | Zot:4    | XOM: mild Conj miscast
 68303 | Zot:3    | XOM: divination: detect creatures
 68316 | Zot:3    | XOM: summons 13 friendly demons
 68426 | Zot:4    | XOM: cast spell 'Disjunction'
 68470 | Zot:4    | XOM: silly message
 68503 | Zot:4    | XOM: polymorph ynoxinul -> smoke demon
 68515 | Zot:4    | XOM: swap monsters
 68521 | Zot:4    | XOM: swap monsters
 68592 | Zot:4    | XOM: swap monsters
 68783 | Zot:4    | XOM: 6-stop teleportation journey
 68803 | Zot:4    | XOM: smoke on damage
 68812 | Zot:4    | XOM: god gift: 3 javelins of returning
 68883 | Zot:5    | Entered Level 5 of the Realm of Zot
 68930 | Zot:5    | XOM: fog
 69074 | Zot:5    | Reached skill level 15 in Dodging
 69103 | Zot:5    | XOM: summons 4 friendly demons
 69198 | Zot:5    | XOM: noise
 69262 | Zot:5    | XOM: cast spell 'Cause Fear'
 69266 | Zot:5    | XOM: summons friendly crimson imp
 69371 | Zot:5    | XOM: cast spell 'Shadow Creatures'
 69432 | Zot:5    | XOM: potion effect (haste)
 69481 | Zot:5    | XOM: harmless Hex miscast
 69606 | Zot:5    | Noticed an ancient lich
 69608 | Zot:5    | XOM: cast spell 'Spider Form'
 69625 | Zot:5    | XOM: cast spell 'Olgreb's Toxic Radiance'
 69634 | Zot:5    | Killed an ancient lich
 69663 | Zot:5    | Got a scorched granite ring
 69664 | Zot:5    | Identified the ring of Boecvoce {*Drain +Fly rElec rF+++} (You found it on level 5 of the Realm of Zot)
 69696 | Zot:5    | Noticed an orb of fire
 69712 | Zot:5    | Noticed an orb of fire
 69729 | Zot:5    | Killed an orb of fire
 69735 | Zot:5    | Gained mutation: Your body sometimes deteriorates upon taking damage. [an orb of fire]
 69745 | Zot:5    | XOM: cast spell 'Leda's Liquefaction'
 69751 | Zot:5    | Gained mutation: Your magical capacity is low (-10% MP). [an orb of fire]
 69754 | Zot:5    | XOM: summons friendly crimson imp
 69756 | Zot:5    | XOM: divination: detect creatures
 69765 | Zot:5    | XOM: summons friendly white imp
 69779 | Zot:5    | Killed an orb of fire
 69788 | Zot:5    | XOM: polymorph Killer Klown -> shard shrike
 69795 | Zot:5    | XOM: enchant monster (bad)
 69870 | Zot:5    | XOM: harmless Chrm miscast
 69908 | Zot:5    | XOM: harmless Erth miscast
 69911 | Zot:5    | XOM: cast spell 'Confusing Touch'
 69912 | Zot:5    | XOM: cast spell 'Summon Small Mammal'
 69994 | Zot:5    | Got the Orb of Zot
 70024 | Zot:5    | Noticed a seraph
 70100 | Zot:2    | XOM: enchant monster (good)
 70138 | Depths:5 | XOM: swap monsters
 70497 | D:7      | XOM: cast spell 'Confusing Touch'
 70645 | D:5      | Noticed Lipoud the pandemonium lord
 70670 | D:5      | Noticed a seraph
 70688 | D:5      | XOM: potion effect (might)
 70849 | D:$      | Escaped with the Orb!

Vault maps used:
D:1:      mrwooster_arrival_statue, roderic_lattice_a
D:2:      grunt_temple_overflow_order_and_chaos_1, first_bread
D:3:      lemuel_round_altar, nicolae_ru_sacrificial_ziggurat, uniq_iyjb
D:4:      hangedman_decor_opposing
D:5:      kiku_gazebo_garden_becter
D:6:      uniq_duvessa, uniq_sigmund, uniq_edmund
D:7:      overflow_temple_1_default, minmay_temple_entry_poolview, serial_shops,
          shop, grunt_livestock
D:8:      lemuel_doored_altar, kennysheep_little_box, minmay_lair_entry_lava,
          uniq_psyche
D:11:     hiddenorc1_lemuel, serial_shops, shop, shop,
          nicolae_shop_temple_entry_statues_fountains, kb_rosetta
D:12:     nicolae_for_you_no_charge, uniq_nergalle, uniq_nessos
D:14:     david_vaults_1, minmay_misc_feat_secret_circle, uniq_azrael,
          uniq_agnes
D:15:     grunt_enter_depths_hoard, serial_ice, serial_ice_a, serial_ice_i,
          serial_ice_f, serial_ice_d, portal_ice_cave_entry_horrid_things,
          uniq_roxanne
Lair:1:   lab_entry_generic, infiniplex_staircase_pool_2, grunt_megastairs_4
Lair:2:   minmay_lair_oklob_chamber, serial_bayou_shore_b, serial_bayou_shore_b
Lair:3:   guppyfry_lair_drakes, uniq_snorg
Lair:4:   nicolae_swamp_entry_splash_gauntlet, lemuel_fruit_fields
Lair:5:   minmay_snake_entry_six_corridors
Lair:6:   minmay_lair_venomous_thicket, dpeg_slime_entry_enclosed_altar,
          bh_autumn_forest_stairs
Lair:8:   hangedman_lair_tendril_chambers, minmay_lair_drake_nest,
          lemuel_fruit_fields, uniq_kirke
Swamp:1:  hangedman_swamp_cone
Swamp:2:  cheibrodos_swamp_tower_of_moss, evilmike_swamp_ruin_rubble_1,
          infiniplex_staircase_pool
Swamp:3:  basic_altar, uniq_donald
Swamp:4:  swamp_vile, swamp_pool5
Snake:1:  st_stairs_5, grunt_megastairs_3
Snake:3:  serial_shops, shop
Snake:4:  grunt_snake_rune_pools
Orc:1:    basic_altar, serial_shops, nicolae_shop_waterfront,
          nicolae_shop_behind_doors, shop, shop, shop, uniq_erica
Orc:2:    uniq_harold
Orc:3:    basic_altar, nicolae_orc_pool_cavern, uniq_sonja, uniq_josephine
Orc:4:    st_orc_congregation, nicolae_volcano_entry_vermiform
Elf:1:    elf_arrival_002, serial_shops, shop, minmay_elf_demonology
Elf:3:    nooodl_elf_gasket, serial_shops, shop_fountains
Vaults:1: ontoclasm_vaults_chip, nicolae_vaults_triangles, grunt_vaults_focal,
          v_misc_19, nicolae_vaults_theta, nicolae_vaults_asterisk,
          vaults_dpeg_encased_lava, serial_shops, shop, uniq_saint_roka
Vaults:2: hangedman_vaults_capsules, nicolae_vaults_disjoint_gnomons, v_misc_33,
          v_misc_4, ontoclasm_vaults_spin, v_misc_11, nicolae_vaults_rhombus_6,
          nicolae_vaults_ring_of_whatevers, ontoclasm_vaults_twist, st_lattice
Vaults:3: minmay_crypt_entry_simple_sparse, vaults_mumra_chevron,
          vaults_dpeg_spiral, grunt_vaults_twisty, ontoclasm_vaults_pinch,
          vaults_room_octagon, nicolae_vaults_shelves_hall, v_pattern_3,
          ontoclasm_vaults_echo, v_misc_23, uniq_asterion, uniq_norris,
          uniq_mennas, uniq_mara
Vaults:4: hangedman_vaults_stream, hangedman_vaults_nails,
          ontoclasm_vaults_idyll, vaults_room_glass_cross,
          nicolae_vaults_what_the_h, ontoclasm_vaults_ring_large,
          dpeg_vaults_monster_box, v_misc_12, nicolae_vaults_circle_grid_a,
          nicolae_vaults_little_ls, ontoclasm_vaults_idyll,
          vaults_room_stairs_pillars, nicolae_vaults_yaktaur_gun_rack,
          uniq_aizul
Depths:1: pan_entry, serial_sigils_hangedman_scratch,
          abyss_entry_small_statue_room, grunt_hell_entry_demonic_statue,
          minmay_misc_feat_pillars, minmay_misc_feat_hallway, minmay_three_doors
Depths:2: grunt_runaround, hell_entry
Depths:3: four-leaf_vault, grunt_pan_entry_zigzag, hangedman_coc_ice_floe,
          abyss_entry, serial_sigils_hangedman_shear,
          infiniplex_staircase_pillars_3b, serial_bayou_shore_b, firewood_loft
Depths:4: evilmike_silver_temple, abyss_entry, hangedman_decor_clover_reticule,
          hell_entry, uniq_jorgrun, uniq_xtahua, uniq_sojobo
Depths:5: grunt_twist_and_shout, dk_noncrumbling_2, abyss_entry,
          pf_hell_entry_great_geh
Zot:2:    kennysheep_spiral_hall
Zot:3:    grunt_deathspiral_small
Abyss:4:  hangedman_abyss_feature_spike, serial_sigils_hangedman_snap,
          grunt_abyss_rune_the_horror
Lab:      labyrinth_watery, lab_block, nicolae_lab_arrow, nicolae_lab_big_swirl,
          nicolae_lab_dead_end
IceCv:    ice_cave_statue_garden_02
Volcano:  volcano_pools

Action                   |  1- 3 |  4- 6 |  7- 9 | 10-12 | 13-15 | 16-18 | 19-21 | 22-24 | 25-27 || total
-------------------------+-------+-------+-------+-------+-------+-------+-------+-------+-------++-------
Melee: Mace              |   111 |   160 |       |       |       |       |       |       |       ||   271
       Flail             |       |    42 |   256 |       |       |       |       |       |       ||   298
       Unarmed           |       |     5 |       |       |     9 |       |     5 |     2 |       ||    21
       Dire flail        |       |       |   144 |   914 |  1876 |       |       |       |       ||  2934
       Eveningstar       |       |       |       |       |   530 |  2295 |  1347 |  2435 |  4294 || 10901
 Cast: Regeneration      |       |       |       |       |    50 |    82 |    96 |   116 |   129 ||   473
       Repel Missiles    |       |       |       |       |       |     3 |    12 |     3 |    11 ||    29
       Blink             |       |       |       |       |       |     1 |     7 |     1 |     2 ||    11
       Haste             |       |       |       |       |       |     1 |     8 |     5 |    13 ||    27
       Summon Butterflie |       |       |       |       |       |       |     1 |     8 |     2 ||    11
       Freezing Cloud    |       |       |       |       |       |       |       |    20 |    16 ||    36
 Abil: Fly               |       |       |       |     1 |       |     1 |       |       |     3 ||     5
       Stop Flying       |       |       |       |       |       |       |       |       |     3 ||     3
Evoke: Wand              |       |       |     4 |     1 |     6 |     2 |       |    16 |     6 ||    35
       Rod               |       |       |     2 |    10 |    21 |       |       |       |       ||    33
       Phial of floods   |       |       |       |       |     1 |       |       |       |       ||     1
  Use: Potion            |       |     3 |     1 |     8 |    10 |     3 |     3 |    16 |     5 ||    49
       Scroll            |       |     7 |    10 |    15 |    14 |     8 |     8 |    10 |    28 ||   100
 Stab: Confused          |       |       |       |     4 |     9 |    11 |     6 |     6 |    13 ||    49
       Distracted        |       |       |       |     3 |     4 |     3 |       |     7 |     7 ||    24
       Paralysed         |       |       |       |     3 |     5 |     2 |       |       |     3 ||    13
       Sleeping          |       |       |       |       |     1 |       |       |       |       ||     1
       Invisible         |       |       |       |       |     7 |       |       |     6 |     6 ||    19
       Petrified         |       |       |       |       |       |       |     1 |       |     3 ||     4
       Petrifying        |       |       |       |       |       |       |       |       |     1 ||     1
  Eat: Chunk             |     2 |     6 |    11 |    31 |    70 |    60 |    30 |    99 |    81 ||   390
       Pizza             |       |       |       |     3 |     2 |     4 |       |     3 |     2 ||    14
       Beef jerky        |       |       |       |       |     1 |     3 |     2 |     2 |     2 ||    10
       Meat ration       |       |       |       |       |       |     1 |     3 |     2 |     4 ||    10
       Fruit             |       |       |       |       |       |     1 |       |     1 |     4 ||     6
       Royal jelly       |       |       |       |       |       |     2 |       |       |     1 ||     3
       Bread ration      |       |       |       |       |       |       |       |     2 |     4 ||     6
